 Dungeon Crawl Stone Soup version 0.24-a0-619-gb7544fd237 (webtiles) character file.

Game seed: 2168377421360011260, levelgen mode: deterministic

2286836 KapersCrawl the Conqueror (level 27, 260/260 HPs)
             Began as a Minotaur Chaos Knight on Sept 13, 2019.
             Was a Favourite Plaything of Xom.
             Escaped with the Orb
             ... and 4 runes on Sept 17, 2019!
             The game lasted 05:41:49 (72574 turns).

KapersCrawl the Conqueror (Minotaur Chaos Knight)  Turns: 72574, Time: 05:41:50

Health: 260/260    AC: 34    Str: 22      XL:     27
Magic:  36/36      EV: 26    Int: 11 (13) God:    Xom [*.....]
Gold:   3956       SH: 38    Dex: 26      Spells: 32/38 levels left

rFire    + + .     SeeInvis +   b - +9 broad axe (flame)
rCold    + . .     Gourm    .   y - +10 large shield of Ignorance {rN+ Int-4}
rNeg     + . .     Faith    .   P - +6 chain mail of Day {rPois Int+4 Dex+8}
rPois    +         Spirit   .   I - +2 hat {MR+}
rElec    +         Reflect  .   h - +2 cloak {MR+}
rCorr    .         Harm     .   R - +2 pair of gloves {archery}
MR       ++++.     Rnd*Tele +   r - +2 pair of boots {Fly}
Stlth    +.........             E - amulet of Vitality {Regen+ HP+15}
HPRegen  0.93/turn              N - ring "Agaghiti" {Wiz +Blink rC+ Int+4 SInv}
MPRegen  0.25/turn              C - +5 ring of evasion

@: flying
A: retaliatory headbutt, claws 1, fangs 1, horns 2, icy blue scales 1, large
bone plates 1, agile 1, deformed body, deterioration 1, fire resistance 2, frail
1, high mp 1, screaming 1, shaggy fur 1, electricity resistance, teleportitis 1,
weak 1, wild magic 1, no potion heal 1, MP-powered wands
0: Orb of Zot
}: 4/15 runes: decaying, serpentine, slimy, silver
a: Renounce Religion, Evoke Blink, Stop Flying


You escaped.
You worshipped Xom.
You were a special plaything of Xom.
You were near starving.

You visited 10 branches of the dungeon, and saw 54 of its levels.
You visited 1 bazaar.
You also visited: Ossuary, Gauntlet, Ice Cave and Wizlab.

You collected 8132 gold pieces.
You spent 4176 gold pieces at shops.

Inventory:

Hand Weapons
 a - the +8 war axe of Goxaoc {antimagic, +Inv rPois Str+5}
   (You found it on level 4 of the Vaults)

   It reduces the magical energy of the wielder, and disrupts the spells and
   magical abilities of those hit.
   Natural abilities and divine invocations are not affected.
   It affects your strength (+5).
   It protects you from poison.
   It lets you turn invisible.
 b - a +9 broad axe of flaming (weapon)
Missiles
 n - 3 throwing nets
 q - 8 silver boomerangs (quivered)
 H - 10 javelins
Armour
 h - a +2 cloak of magic resistance (worn)
 r - a +2 pair of boots of flying (worn)
 y - the +10 large shield of Ignorance (worn) {rN+ Int-4}
   (You bought it in a shop on level 2 of the Orcish Mines)

   It affects your intelligence (-4).
   It protects you from negative energy.
 I - a +2 hat of magic resistance (worn)
 P - the +6 chain mail of Day (worn) {rPois Int+4 Dex+8}
   (You found it on level 5 of the Lair of Beasts)

   It affects your intelligence (+4).
   It affects your dexterity (+8).
   It protects you from poison.
 R - a +2 pair of gloves of archery (worn)
Jewellery
 i - the ring of Tuelisec {rN+ rCorr}
   (You found it on level 5 of the Pits of Slime)

   [ring of resist corrosion]

   It protects you from negative energy.
   It provides partial protection from all sources of acid and corrosion.
 C - a +5 ring of evasion (right hand)
 E - the amulet of Vitality (around neck) {Regen+ HP+15}
   (You found it on level 1 of the Elven Halls)

   [amulet of regeneration]

   It affects your health (+15).
   It increases your rate of regeneration.
 N - the ring "Agaghiti" (left hand) {Wiz +Blink rC+ Int+4 SInv}
   (You found it on level 3 of the Elven Halls)

   [ring of wizardry]

   It improves your spell success rate.
   It affects your intelligence (+4).
   It protects you from cold.
   It lets you see invisible.
   It lets you blink.
Wands
 f - a wand of acid (49)
 g - a wand of scattershot (18)
 D - a wand of iceblast (19)
 O - a wand of digging (19)
 Q - a wand of clouds (7)
Scrolls
 d - 5 scrolls of fear
 k - 3 scrolls of fog
 m - 7 scrolls of immolation
 o - 19 scrolls of teleportation
 s - 3 scrolls of holy word
 t - 23 scrolls of remove curse
 A - a scroll of silence
 G - 3 scrolls of identify
 S - 5 scrolls of blinking
Potions
 e - 13 potions of agility
 j - 26 potions of curing
 l - 5 potions of haste
 p - 6 potions of cancellation
 v - 6 potions of resistance
 w - 6 potions of magic
 B - 9 potions of heal wounds
 K - 6 potions of brilliance
 M - a potion of berserk rage
 T - 2 potions of might
 U - 2 potions of invisibility
 Z - 7 potions of mutation
Miscellaneous
 x - a fan of gales
 z - a lightning rod (4/4)
 F - a box of beasts
 J - a phantom mirror
 W - a lamp of fire
 Y - a phial of floods
Comestibles
 c - 69 rations


   Skills:
 O Level 27 Fighting
 - Level 20.8(22.0) Axes
   Level 9.5(16.4) Maces & Flails
   Level 10.5(16.8) Polearms
   Level 14.9(17.2) Slings
 - Level 13.8(16.0) Throwing
 * Level 20.2 Armour
 - Level 16.0 Dodging
 + Level 8.5 Stealth
 + Level 20.1 Shields
 - Level 6.1 Spellcasting
 - Level 10.2 Translocations
 + Level 14.6 Evocations


You had 32 spell levels left.
You knew the following spells:

 Your Spells              Type           Power        Failure   Level  Hunger
a - Confusing Touch       Hex            #.....       52%         1    None
b - Animate Skeleton      Necr           N/A          52%         1    None
c - Apportation           Tloc           ####..       1%          1    None
d - Blink                 Tloc           N/A          2%          2    ##.....
e - Summon Butterflies    Summ           #.......     52%         1    None

Your spell library contained the following spells:

 Spells                   Type           Power        Failure   Level  Hunger
 Gell's Gravitas          Tloc           ####......   4%          3    ###....
 Lesser Beckoning         Tloc           ####......   4%          3    ###....
 Teleport Other           Tloc           ####....     4%          3    ###....
 Shroud of Golubria       Chrm/Tloc      ###...       13%         2    ##.....
 Portal Projectile        Hex/Tloc       ###...       24%         3    ###....
 Recall                   Summ/Tloc      N/A          24%         3    ###....
 Beastly Appendage        Tmut           #.....       52%         1    None
 Corona                   Hex            #......      52%         1    None
 Magic Dart               Conj           #...         52%         1    None
 Pain                     Necr           #...         52%         1    None
 Shock                    Conj/Air       #...         52%         1    None
 Summon Small Mammal      Summ           #...         52%         1    None
 Force Lance              Conj/Tloc      ###.....     58%         4    ####...
 Call Imp                 Summ           #.......     65%         2    ##.....
 Corpse Rot               Necr           N/A          65%         2    ##.....
 Searing Ray              Conj           #.....       65%         2    ##.....
 Slow                     Hex            #.......     65%         2    ##.....
 Sticks to Snakes         Tmut           #.......     65%         2    ##.....
 Sublimation of Blood     Necr           #.........   65%         2    ##.....
 Swiftness                Chrm/Air       #.......     65%         2    ##.....
 Throw Frost              Conj/Ice       #.....       65%         2    ##.....
 Call Canine Familiar     Summ           #.......     85%         3    ###....
 Confuse                  Hex            #.......     85%         3    ###....
 Dazzling Spray           Conj/Hex       #.....       85%         3    ###....
 Ignite Poison            Fire/Tmut/Pois #.......     85%         3    ###....
 Inner Flame              Hex/Fire       #.......     85%         3    ###....
 Regeneration             Chrm/Necr      #.........   85%         3    ###....
 Spider Form              Tmut/Pois      #.........   85%         3    ###....
 Static Discharge         Conj/Air       #.......     85%         3    ###....
 Summon Guardian Golem    Hex/Summ       #.......     85%         3    ###....
 Vampiric Draining        Necr           #.........   85%         3    ###....
 Summon Forest            Summ/Tloc      ###.......   88%         5    ######.
 Airstrike                Air            #.........   99%         4    ####...
 Animate Dead             Necr           N/A          99%         4    ####...
 Cause Fear               Hex            #.........   99%         4    ####...
 Fulminant Prism          Conj/Hex       #.........   99%         4    ####...
 Ice Form                 Ice/Tmut       #.......     99%         4    ####...
 Iskenderun's Mystic Bla  Conj           #.......     99%         4    ####...
 Leda's Liquefaction      Hex/Erth       #.........   99%         4    ####...
 Petrify                  Tmut/Erth      #.......     99%         4    ####...
 Summon Ice Beast         Ice/Summ       #.......     99%         4    ####...
 Summon Lightning Spire   Summ/Air       #.......     99%         4    ####...
 Agony                    Necr           #.......     100%        5    ######.
 Aura of Abjuration       Summ           #.........   100%        5    ######.
 Blade Hands              Tmut           #.........   100%        5    ######.
 Bolt of Draining         Conj/Necr      #.........   100%        5    ######.
 Bolt of Magma            Conj/Fire/Erth #.........   100%        5    ######.
 Borgnjor's Vile Clutch   Necr/Erth      #.........   100%        5    ######.
 Dispel Undead            Necr           #.......     100%        5    ######.
 Excruciating Wounds      Chrm/Necr      #.........   100%        5    ######.
 Fireball                 Conj/Fire      #.........   100%        5    ######.
 Iskenderun's Battlesphe  Conj/Chrm      #.......     100%        5    ######.
 Lightning Bolt           Conj/Air       #.........   100%        5    ######.
 Metabolic Englaciation   Hex/Ice        #.........   100%        5    ######.
 Silence                  Hex/Air        #.........   100%        5    ######.
 Summon Demon             Summ           #.........   100%        5    ######.
 Summon Mana Viper        Hex/Summ       #.......     100%        5    ######.
 Venom Bolt               Conj/Pois      #.........   100%        5    ######.
 Yara's Violent Unravell  Hex/Tmut       #.........   100%        5    ######.
 Bolt of Fire             Conj/Fire      #.........   100%        6    #######
 Conjure Ball Lightning   Conj/Air       #.........   100%        6    #######
 Death Channel            Necr           #.........   100%        6    #######
 Deflect Missiles         Chrm/Air       #.........   100%        6    #######
 Iron Shot                Conj/Erth      #.........   100%        6    #######
 Ozocubu's Refrigeration  Ice            #.........   100%        6    #######
 Poison Arrow             Conj/Pois      #.........   100%        6    #######
 Shadow Creatures         Summ           N/A          100%        6    #######
 Simulacrum               Ice/Necr       #.........   100%        6    #######
 Statue Form              Tmut/Erth      #........    100%        6    #######
 Haunt                    Necr/Summ      #.........   100%        7    #######
 Malign Gateway           Summ/Tloc      ###.......   100%        7    #######
 Monstrous Menagerie      Summ           #.........   100%        7    #######
 Orb of Destruction       Conj           #.........   100%        7    #######
 Ring of Flames           Chrm/Fire      #.........   100%        7    #######
 Spellforged Servitor     Conj/Summ      #.........   100%        7    #######
 Summon Greater Demon     Summ           #.........   100%        7    #######
 Summon Hydra             Summ           #.........   100%        7    #######
 Borgnjor's Revivificati  Necr           #.........   100%        8    #######
 Chain Lightning          Conj/Air       #.........   100%        8    #######
 Death's Door             Chrm/Necr      #.........   100%        8    #######
 Discord                  Hex            #.........   100%        8    #######
 Disjunction              Tloc           ####......   100%        8    #######
 Ignition                 Fire           #.........   100%        8    #######
 Infestation              Necr           #.........   100%        8    #######
 Lehudib's Crystal Spear  Conj/Erth      #.........   100%        8    #######
 Necromutation            Tmut/Necr      #.........   100%        8    #######
 Summon Horrible Things   Summ           #.........   100%        8    #######
 Fire Storm               Conj/Fire      #.........   100%        9    #######
 Glaciate                 Conj/Ice       #.........   100%        9    #######
 Shatter                  Erth           #.........   100%        9    #######
 Tornado                  Air            #.........   100%        9    #######
 Passage of Golubria      Tloc           Unusable     N/A         4    N/A

Dungeon Overview and Level Annotations

Branches:
Dungeon (15/15)            Temple (0/1) D:6            Lair (6/6) D:10
  Swamp (4/4) Lair:4        Snake (4/4) Lair:2        Slime (5/5) Lair:6
    Orc (2/2) D:9             Elf (3/3) Orc:2        Vaults (5/5) D:14
  Crypt (0/3) Vaults:3     Depths (5/5) D:15            Zot (5/5) Depths:5
Ossuary (visited)           IceCv (visited)          WizLab (visited)
Gauntlet (visited)

Altars:
Dithmenos
Elyvilon
Gozag
Kikubaaqudgha
Nemelex Xobeh
Ru
Sif Muna
Trog
Vehumet
Wu Jian
Xom
Zin
The Shining One
Jiyva

Shops:
D:4 *:%   D:10 :(([*   D:14 %%}!!   D:15 ?   Orc:2 %}}[   Snake:1 %
Vaults:1 =   Vaults:3 !   Depths:2 %(   Depths:4 :[!

Portals:
Hell: Depths:1 Depths:2 Depths:3 Depths:4 Depths:5
Abyss: Depths:1 Depths:2 Depths:4
Pandemonium: Depths:3 Depths:4
Ziggurat: Depths:5

Annotations:
D:2 exclusion: 2 downstairs
D:15 Roxanne
Depths:3 3 runed translucent doors, Huxa Got's ghost, veteran DsFi
Zot:5 exclusion: orange crystal statue


Innate Abilities, Weirdness & Mutations

You reflexively headbutt those who attack you in melee.
You have a pair of horns on your head.
You have sharp fingernails.
You have very sharp teeth.
You are partially covered in icy blue scales. (AC +2)
You are partially covered in large bone plates. (SH +4)
You are agile. (Dex +2)
Armour fits poorly on your strangely shaped body.
Your body sometimes deteriorates upon taking damage.
Your flesh is very heat resistant. (rF++)
You are frail. (-10% HP)
You have an increased reservoir of magic. (+10% MP)
You occasionally shout uncontrollably at your foes.
You are covered in fur. (AC +1)
You are resistant to electric shocks. (rElec)
You are occasionally teleported next to monsters.
You are weak. (Str -2)
Your spells are a little harder to cast, but a little more powerful.
Potions are less effective at restoring your health.
You expend magic power (3 MP) to strengthen your wands.


Message History

The Hell Sentinel gestures at you.
The sphere of damnation explodes!
The damnation engulfs you!!
As you read the scroll of fog, it crumbles to dust.
The scroll dissolves into smoke.
There is a shimmering altar of Xom here.
There is a stone staircase leading down here.
You see here a +0 short sword.
You see here a +0 club.
Your extra speed is starting to run out.
You are near starving!
There is a stone staircase leading up here.
You fly upwards.
There is a stone staircase leading down here.
You feel yourself slow down.
There is an open door here.
There is an open door here.
There is an open door here.
HP restored.
There is a staircase leading out of the dungeon here.
You have escaped!

####........###.####.#.#........
#........# #.# #.#.#........
#####........# #'# #...#........
.............# #.#####..#........
.............# #'#...............
.............# #.#####....#......
.............###+## ##..........
.....####'#####...#####..........
.....# #.'.'.'.@.'.'.'...#.#.#..
.....# #.#####...#####...#)#.#..
.....# #.# ##+##..#....#.#.#..
###### #.# #.#..........#.#.. #
#.# #'#..........#.#.. # #.#
#.#............... #
#.######'#.........##.#.. ####
#................>....... ...#
#.######.##.##.##.###.##.


There were no monsters in sight!

Vanquished Creatures
  the Royal Jelly (Slime:5)
  Dissolution (Slime:2)
  4 orbs of fire
  5 ancient liches
  2 juggernauts (Depths:4)
  A pandemonium lord (D:11)
  Margery (Depths:2)
  Saint Roka (Depths:2)
  the Lernaean hydra (Swamp:4)
  6 Killer Klowns
  A curse toe (Zot:2)
  A caustic shrike (Depths:4)
  5 golden dragons
  Jory (Vaults:2)
  4 bone dragons
  4 electric golems
  5 liches
  The ghost of PlumEater the Earth Mage, an adept GrEE of Vehumet (Snake:4)
  11 tentacled monstrosities
  An Ice Fiend (D:9)
  21 Orb Guardians
  A deep elf master archer (Elf:3)
  2 quicksilver dragons
  3 titans
  14 acid blobs
  An ancient champion (Depths:2)
  3 death cobs
  An eldritch tentacle (WizLab)
  A tentacled starspawn (WizLab)
  Gastronok (D:9)
  9 sphinxes
  2 deep elf blademasters
  Agnes (D:14)
  The ghost of Kabixx the Eclecticist, an adept DsFE of Vehumet (Swamp:4)
  5 thorn hunters
  3 storm dragons
  Frances (Swamp:2)
  A warmonger (Depths:3)
  6 tengu reavers
  10 shadow dragons
  2 draconian knights
  2 draconian monks
  A blood saint (Depths:3)
  13 azure jellies
  7 nagarajas
  3 orc warlords
  3 iron dragons
  11 frost giants
  A caustic shrike zombie (Depths:3)
  9 fire giants
  A balrug (WizLab)
  A cacodemon (Depths:1)
  6 deep elf sorcerers
  19 vault wardens
  2 draconian stormcallers (Zot:5)
  12 ironheart preservers
  A ghoul (Vaults:4)
  2 deep elf elementalists (Elf:3)
  2 war gargoyles
  A spriggan defender (Depths:2)
  3 draconian annihilators (Zot:1)
  5 very ugly things
  23 stone giants
  An entropy weaver (Vaults:4)
  3 green draconians
  Nessos (D:15)
  10 deep elf annihilators
  Azrael (Elf:1)
  5 red draconians
  A vampire knight (Depths:4)
  3 deep elf demonologists
  8 black draconians
  3 white draconians
  11 spark wasps
  5 purple draconians
  7 yellow draconians
  5 dire elephants (Lair:6)
  4 deep elf death magi
  14 ettins
  11 fire dragons
  8 death oozes (Slime:5)
  Josephine (D:15)
  3 rakshasas
  2 jiangshi (Depths:3)
  5 deep elf high priests (Elf:3)
  The ghost of feelmyfire the Slicer, a journeyman HaGl of Uskayaw (Lair:1)
  17 yaktaur captains
  13 great orbs of eyes
  16 hydras
  16 naga warriors
  35 vault guards
  A monstrous demonspawn (Depths:3)
  13 ice dragons
  5 anacondas
  10 centaur warriors
  2 death knights
  A spriggan air mage (Depths:5)
  28 dancing weapons
  17 alligators
  4 shambling mangroves
  27 two-headed ogres
  A two-headed ogre (shapeshifter) (Depths:4)
  15 ogre magi
  5 deep troll earth magi
  8 deep troll shamans
  12 naga sharpshooters
  2 thrashing horrors (WizLab)
  3 vampire magi
  The ghost of PeterQ the Ruffian, a novice TrHu of Wu Jian (D:9)
  Urug (Orc:1)
  An orc high priest (Depths:2)
  A spriggan berserker (Depths:1)
  A titan skeleton (Depths:3)
  11 shock serpents
  3 soul eaters
  A sun demon (WizLab)
  24 deep elf knights
  8 spriggans
  A shadow wraith (Vaults:1)
  A fire crab (shapeshifter) (Vaults:3)
  10 sea snakes
  4 salamander mystics
  13 hell knights
  2 sixfirhies (Depths:1)
  An iron troll (Depths:1)
  2 death drakes (shapeshifter)
  8 swamp dragons
  8 glowing orange brains
  A shadow demon (Depths:3)
  7 wizards
  4 spriggan druids
  21 deep trolls
  12 deep elf archers
  2 obsidian statues
  A glowing orange brain (shapeshifter) (Depths:2)
  10 unseen horrors
  3 phantasmal warriors
  3 flayed ghosts
  5 naga ritualists
  A lindwurm (Lair:3)
  A shadow dragon zombie (Depths:3)
  3 harpies (Vaults:5)
  16 ironbrand convokers
  2 wolf spider zombies (D:15)
  49 deep elf magi
  10 mana vipers
  A harpy (shapeshifter) (D:4)
  6 oklob plants
  2 mana vipers (shapeshifter) (Vaults:5)
  9 necromancers
  7 orc knights
  8 wolf spiders
  9 shining eyes
  4 orc sorcerers
  A worldbinder (WizLab)
  14 ugly things
  4 manticores
  13 salamanders
  7 cyclopes
  10 moths of wrath
  10 elephants
  A frost giant skeleton (WizLab)
  32 black mambas
  18 vault sentinels
  10 guardian serpents
  A black mamba (shapeshifter) (Vaults:5)
  20 naga magi
  2 gargoyles
  6 eyes of devastation
  2 smoke demons
  2 ice statues (IceCv)
  17 spiny frogs
  4 spectral swamp worms (Depths:1)
  4 rime drakes
  2 efreet
  10 komodo dragons
  68 yaktaurs
  A yaktaur (shapeshifter) (Vaults:1)
  4 freezing wraiths (Vaults:1)
  A demonic crawler (D:9)
  13 ice devils
  A merfolk (shapeshifter) (Vaults:5)
  2 hellwings
  A jumping spider (shapeshifter) (Depths:1)
  6 tengu conjurers
  16 trolls
  The ghost of mishael the Chopper, an amateur DrFi (D:5)
  3 polar bears
  2 merfolk
  A polar bear (shapeshifter) (Vaults:4)
  Prince Ribbit (D:6)
  A jumping spider (Snake:4)
  A meliai (shapeshifter) (Vaults:5)
  A troll (shapeshifter) (Vaults:1)
  Grinder (D:3)
  A tengu simulacrum (Depths:3)
  A snapping turtle (Slime:2)
  12 hornets
  12 blink frogs
  A harpy skeleton (D:15)
  6 bog bodies
  10 tyrant leeches
  105 slime creatures
  A blink frog (shapeshifter) (Depths:4)
  An iron dragon simulacrum (Depths:3)
  15 hippogriffs
  3 shadows
  2 spriggans (shapeshifter)
  A centaur simulacrum (D:15)
  3 redbacks (Vaults:4)
  4 air elementals
  5 large abominations (Elf:1)
  A tarantella (Lair:4)
  4 wyverns
  4 ynoxinuls
  2 tarantellas (shapeshifter)
  13 wraiths
  6 basilisks
  A fire elemental (Elf:3)
  6 water elementals
  3 chaos spawn (WizLab)
  31 yaks
  14 golden eyes
  2 neqoxecs
  4 hogs
  7 vampire mosquitoes
  4 hungry ghosts
  A yaktaur simulacrum (Vaults:1)
  Menkaure (D:5)
  16 insubstantial wisps
  60 nagas
  8 spatial vortices
  15 swamp worms
  A soldier ant (D:10)
  8 wargs
  2 acid dragons
  5 hell hounds (Elf:1)
  Duvessa (D:6)
  5 sky beasts
  2 floating eyes (Depths:2)
  30 water moccasins
  7 porcupines
  A gelid demonspawn skeleton (WizLab)
  11 swamp drakes
  3 ice beasts
  6 black bears
  A necrophage (D:8)
  23 orc warriors
  2 phantoms
  7 eyes of draining
  47 ogres
  11 wolves
  8 boggarts
  9 centaurs
  16 crocodiles
  3 big kobolds
  An elf zombie (Elf:1)
  20 bullfrogs
  A gnoll sergeant (D:13)
  A water moccasin zombie (D:6)
  An earth elemental (Elf:1)
  A yaktaur skeleton (WizLab)
  6 scorpions
  2 wyvern skeletons
  A small abomination (WizLab)
  18 wights
  An electric eel (shapeshifter) (Depths:2)
  A howler monkey (D:6)
  3 electric eels
  4 centaur zombies
  15 crimson imps
  10 hounds
  3 quasits
  6 starcursed masses (WizLab)
  4 jellies
  A human simulacrum (Vaults:3)
  19 orc priests
  2 centaur skeletons
  A bullfrog skeleton (D:11)
  Ijyb (D:3)
  20 orc wizards
  Natasha (thrice) (D:3 D:2)
  7 iguanas
  A worker ant (shapeshifter) (Depths:4)
  8 worker ants
  A bullfrog simulacrum (D:8)
  A hound zombie (D:7)
  A hound skeleton (D:2)
  3 worker ant zombies
  7 gnolls
  An adder (shapeshifter) (Vaults:5)
  37 adders
  A river rat (shapeshifter) (Depths:2)
  5 shadow imps
  23 white imps
  6 ufetubi (IceCv)
  An adder zombie (Ossuary)
  2 adder skeletons
  4 worms
  2 dart slugs
  3 leopard geckos
  85 orcs
  3 ball pythons
  2 bats
  A bat zombie (D:2)
  6 giant cockroaches
  8 hobgoblins
  A jackal (D:2)
  7 quokkas
  A ball python skeleton (Ossuary)
  4 frilled lizards
  6 goblins
  4 hobgoblin skeletons (Ossuary)
  A hobgoblin zombie (Ossuary)
  A jackal skeleton (D:2)
  21 kobolds
  2 kobold zombies (Ossuary)
  2 leopard gecko skeletons
  2 leopard gecko zombies
  An orc zombie (Ossuary)
  2 rats (D:1)
  A fire vortex (D:14)
  2 fungi
  7 plants
2277 creatures vanquished.

Vanquished Creatures (collateral kills)
  An orb of fire (Zot:5)
  An ancient lich (Vaults:5)
  A bone dragon (Depths:5)
  Jorgrun (Orc:2)
  2 Orb Guardians (Zot:5)
  A titan (Vaults:5)
  2 fire giants (Depths:2)
  A storm dragon (Vaults:5)
  A draconian shifter (Zot:1)
  A draconian stormcaller (Zot:1)
  2 deep elf annihilators (Elf:3)
  A death ooze (Slime:2)
  2 yaktaur captains
  A fire dragon (Depths:2)
  3 naga warriors
  A hydra (Lair:4)
  An anaconda (Snake:4)
  An ogre mage (Depths:3)
  2 two-headed ogres
  A deep troll earth mage (Depths:1)
  A dancing weapon (Vaults:5)
  A naga sharpshooter (Snake:4)
  A spriggan berserker (Depths:1)
  An iron troll (Depths:1)
  A naga ritualist (Snake:4)
  A deep troll (Depths:1)
  A mana viper (Snake:4)
  An orc sorcerer (Orc:1)
  A cyclops (Orc:2)
  A black mamba (Lair:2)
  Maurice (Orc:1)
  A guardian serpent (Depths:2)
  A naga mage (Snake:2)
  A spectral swamp worm (Depths:1)
  A yaktaur (Depths:5)
  A polar bear (Lair:2)
  3 trolls
  A raiju (shapeshifter) (Vaults:5)
  A blink frog (Lair:1)
  A hippogriff (Lair:4)
  A spriggan (Swamp:2)
  4 yaks
  9 nagas
  Edmund (D:6)
  3 water moccasins (Lair:2)
  2 porcupines
  5 orc warriors
  2 ogres (Orc:2)
  A wolf (Lair:3)
  A centaur (Depths:3)
  A bullfrog (Lair:1)
  A wyvern zombie (D:14)
  Dowan (D:6)
  3 orc priests
  2 orc wizards (Orc:1)
  A gnoll (D:13)
  An adder (Lair:2)
  5 orcs
93 creatures vanquished.

Vanquished Creatures (others)
  A golden dragon (Zot:5)
  Nikola (Swamp:1)
  An iron giant (Slime:4)
  A lich (Zot:1)
  Kirke (Swamp:1)
  A deep elf sorcerer (Elf:3)
  A deep elf elementalist (Vaults:5)
  A reaper (IceCv)
  An ettin (Zot:1)
  A yaktaur captain (Vaults:5)
  A deep elf high priest (Elf:3)
  A great orb of eyes (Vaults:5)
  Fannar (Orc:1)
  6 dancing weapons
  A tengu warrior (Depths:4)
  2 deep trolls
  A black mamba (Snake:1)
  A rime drake (Lair:2)
  A hornet (Swamp:2)
  A human (Swamp:1)
  A hog (Swamp:1)
  A floating eye (Depths:2)
  A boggart (Vaults:1)
  An orc priest (D:7)
  A white imp (IceCv)
  An ufetubus (IceCv)
  A briar patch (Swamp:2)
  A fire vortex (D:14)
  12 fungi
  36 plants
  2 starspawn tentacles (WizLab)
84 creatures vanquished.

Grand Total: 2454 creatures vanquished

Notes
Turn   | Place    | Note
-------+----------+-------------------------------------------
     0 | D:1      | KapersCrawl the Minotaur Chaos Knight began the quest for
                  | the Orb.
     0 | D:1      | Reached XP level 1. HP: 19/19 MP: 0/0
   130 | D:1      | Reached skill level 4 in Fighting
   233 | D:1      | Reached XP level 2. HP: 25/27 MP: 1/1
   848 | D:2      | Found a sacrificial altar of Ru.
   890 | D:2      | XOM: cast spell 'Summon Small Mammal'
   891 | D:2      | XOM: potion effect (invisibility)
   901 | D:2      | Reached skill level 5 in Fighting
   901 | D:2      | Reached XP level 3. HP: 29/36 MP: 2/2
   914 | D:2      | XOM is BORED!
   914 | D:2      | XOM: noise
  1034 | D:2      | Reached skill level 6 in Fighting
  1034 | D:2      | Reached XP level 4. HP: 44/44 MP: 3/3
  1305 | D:2      | XOM: god gift: scroll labeled DODUEBRUOCI {god gift}
  1482 | D:2      | Reached skill level 1 in Slings
  1492 | D:2      | XOM: harmless Chrm miscast
  1508 | D:2      | XOM: scenery: create altars
  1512 | D:2      | XOM: give mutations
  1512 | D:2      | Gained mutation: Your mind is acute. (Int +2) [Xom's grace]
  1512 | D:2      | Gained mutation: You have large cloven feet. [Xom's grace]
  1512 | D:2      | Gained mutation: You have supernaturally acute eyesight.
                  | (SInv) [Xom's grace]
  1512 | D:2      | Gained mutation: You possess an exceptional clarity of
                  | mind. [Xom's grace]
  1844 | D:3      | Noticed Ijyb
  1947 | D:3      | Found a glowing silver altar of Zin.
  1947 | D:3      | Noticed an angel
  1947 | D:3      | Noticed Grinder
  1955 | D:3      | XOM: butterfly on damage
  1956 | D:3      | Paralysed by Grinder for 3 turns
  1963 | D:3      | Paralysed by Grinder for 2 turns
  1968 | D:3      | XOM: cast spell 'Death Channel'
  1971 | D:3      | Killed Grinder
  1971 | D:3      | Reached skill level 5 in Axes
  1971 | D:3      | Reached XP level 5. HP: 36/50 MP: 4/4
  1971 | D:3      | Reached XP level 6. HP: 41/57 MP: 5/5
  2077 | D:3      | XOM: polymorph frilled lizard -> leopard gecko
  2083 | D:3      | Noticed an orc warrior
  2096 | D:3      | XOM: potion effect (curing)
  2104 | D:3      | XOM: summons friendly white imp
  2388 | D:3      | XOM: give mutations
  2388 | D:3      | Gained mutation: You occasionally shout uncontrollably at
                  | your foes. [Xom's mischief]
  2388 | D:3      | Gained mutation: Armour fits poorly on your strangely
                  | shaped body. [Xom's mischief]
  2393 | D:3      | Killed Ijyb
  2535 | D:3      | XOM: noise
  2663 | D:3      | Found a faded altar of an unknown god.
  2765 | D:3      | Noticed Natasha
  2781 | D:3      | Killed Natasha
  2788 | D:3      | Noticed Natasha
  2797 | D:3      | Killed Natasha
  2852 | D:3      | Found a shimmering blue altar of Sif Muna.
  3066 | D:3      | Noticed Natasha
  3082 | D:2      | Killed an orc warrior
  3082 | D:2      | Reached XP level 7. HP: 62/63 MP: 6/6
  3100 | D:2      | XOM: give mutations
  3100 | D:2      | Gained mutation: You are clumsy. (Dex -2) [Xom's mischief]
  3100 | D:2      | Lost mutation: You have large cloven feet. [Xom's mischief]
  3100 | D:2      | Lost mutation: You occasionally shout uncontrollably at
                  | your foes. [Xom's mischief]
  3148 | D:2      | XOM: mild Hex miscast
  3157 | D:2      | Killed Natasha
  3351 | D:3      | XOM: 1-stop teleportation journey
  3445 | D:3      | Found a shimmering blue altar of Sif Muna.
  3445 | D:3      | Found a glowing silver altar of Zin.
  3445 | D:3      | XOM: 7-stop teleportation journey
  3515 | D:3      | Found a faded altar of an unknown god.
  3629 | D:4      | Found Oguhiq's General Store.
  3632 | D:4      | Bought a potion of might for 44 gold pieces
  3738 | D:4      | XOM: smoke on damage
  3786 | D:4      | XOM: enchant monster (bad)
  3807 | D:4      | Noticed a shapeshifter
  3807 | D:4      | an orc changed into a shapeshifter
  3807 | D:4      | Noticed a harpy
  3807 | D:4      | a shapeshifter changed into a harpy
  3810 | D:4      | Found Wuaheg's Food Emporium.
  3813 | D:4      | Killed a harpy
  3813 | D:4      | Reached XP level 8. HP: 20/70 MP: 8/11
  3820 | D:4      | Found a sand-covered staircase.
  4033 | Ossuary  | Entered an ossuary
  4126 | Ossuary  | Noticed a flying skull
  4150 | Ossuary  | Noticed a flying skull
  4151 | Ossuary  | Noticed a flying skull
  4485 | Ossuary  | Noticed a flying skull
  4487 | Ossuary  | Noticed a flying skull
  4502 | Ossuary  | XOM: smoke on damage
  4743 | D:4      | XOM: god gift: potion of magic
  4793 | D:4      | Found an opulent altar of Gozag.
  4793 | D:4      | Found a sparkling altar of Nemelex Xobeh.
  4852 | D:4      | Found a glowing golden altar of the Shining One.
  4919 | D:4      | XOM: noise
  4921 | D:4      | Reached skill level 7 in Fighting
  4979 | D:4      | XOM: silly message
  5168 | D:4      | You fall into a shaft and drop 3 floors!
  5258 | D:7      | Learned a level 1 spell: Confusing Touch
  5418 | D:7      | XOM: enchant monster (good)
  5423 | D:7      | Reached XP level 9. HP: 79/79 MP: 12/12
  5593 | D:7      | XOM: enchant monster (bad)
  5712 | D:7      | XOM: confuse monster(s)
  6199 | D:7      | Reached skill level 8 in Fighting
  6390 | D:7      | XOM: cloud trail
  6564 | D:6      | Found a staircase to the Ecumenical Temple.
  6622 | D:6      | XOM: summons 2 friendly demons
  6622 | D:6      | Noticed Duvessa
  6622 | D:6      | Noticed Edmund
  6622 | D:6      | Noticed Dowan
  6628 | D:6      | Reached skill level 5 in Dodging
  6630 | D:6      | XOM: chaos upgrade
  6633 | D:6      | Killed Dowan
  6638 | D:6      | Killed Edmund
  6653 | D:6      | XOM: enchant monster (bad)
  6675 | D:6      | Killed Duvessa
  6926 | D:7      | XOM: god gift: 14 bolts
  7028 | D:6      | XOM: potion effect (curing)
  7031 | D:6      | XOM: harmless Summ miscast
  7074 | D:6      | Reached skill level 9 in Fighting
  7102 | D:5      | Entered Level 5 of the Dungeon
  7144 | D:4      | Found Kiropois's Book Boutique.
  7153 | D:4      | Got a pitted platinum ring
  7156 | D:4      | Identified the ring "Ulechaiph" {*Tele rElec rF- MR+ Str+2}
                  | (You found it on level 4 of the Dungeon)
  7240 | D:4      | XOM: mild Chrm miscast
  7296 | D:4      | XOM: harmless Pois miscast
  7488 | D:5      | Noticed mishael's ghost (amateur DrFi)
  7507 | D:5      | Found a transporter.
  7654 | D:4      | XOM: divination: detect items
  7707 | D:5      | Found a transporter.
  7872 | D:5      | Noticed Menkaure
  7878 | D:5      | Killed Menkaure
  7878 | D:5      | Reached XP level 10. HP: 91/91 MP: 13/13
  7930 | D:5      | XOM: mild Erth miscast
  8126 | D:5      | XOM: harmless Erth miscast
  8389 | D:6      | Got an encrusted hand crossbow
  8398 | D:6      | Identified the cursed +0 hand crossbow "Labrivu" {velocity,
                  | rF+ Str+4 Int-3} (You found it on level 6 of the Dungeon)
  8440 | D:6      | Noticed Prince Ribbit
  8608 | D:6      | Killed Prince Ribbit
  8676 | D:6      | XOM: cloud trail
  8847 | D:8      | Found an ornate altar of the Wu Jian Council.
  8867 | D:8      | Reached skill level 1 in Maces & Flails
  8919 | D:8      | Found a white marble altar of Elyvilon.
  8950 | D:8      | Reached skill level 5 in Slings
  8977 | D:8      | XOM: scenery: create altars
  9017 | D:7      | XOM: summons 2 hostile shadow creatures
  9018 | D:7      | HP: 2/92 [ogre/+0 giant spiked club[Xom] (15)]
  9152 | D:7      | XOM: give mutations
  9152 | D:7      | Gained mutation: You are partially covered in yellow
                  | scales. (AC +2) [Xom's grace]
  9152 | D:7      | Gained mutation: You have a pair of large horns on your
                  | head. [Xom's grace]
  9152 | D:7      | Gained mutation: You are partially covered in icy blue
                  | scales. (AC +2) [Xom's grace]
  9152 | D:7      | Gained mutation: You have sharp toenails. [Xom's grace]
  9428 | D:8      | XOM: silly message
  9484 | D:8      | XOM: cast spell 'Call Canine Familiar'
  9488 | D:8      | XOM: divination: detect creatures
  9495 | D:8      | Reached skill level 5 in Armour
  9813 | D:8      | Found a runed translucent door.
  9813 | D:8      | Noticed a six-headed hydra
  9813 | D:8      | Noticed a fire dragon
  9814 | D:8      | Noticed a fire dragon
  9815 | D:8      | Noticed a cyclops
  9815 | D:8      | Noticed a deep elf mage
 10074 | D:9      | XOM: noise
 10114 | D:9      | Noticed an unseen horror
 10121 | D:9      | Killed an unseen horror
 10121 | D:9      | Reached skill level 10 in Fighting
 10221 | D:9      | Noticed Psyche
 10222 | D:9      | Noticed Psyche
 10222 | D:9      | Psyche changed into Psyche the hog
 10226 | D:9      | Killed Psyche the hog
 10274 | D:9      | Noticed Erolcha
 10367 | D:9      | Found a staircase to the Orcish Mines.
 10444 | D:9      | Found a shadowy altar of Dithmenos.
 10463 | D:9      | Found a radiant altar of Vehumet.
 10516 | D:9      | Noticed Erolcha
 10516 | D:9      | Erolcha changed into Erolcha the black bear
 10521 | D:9      | Killed Erolcha the black bear
 10521 | D:9      | Reached skill level 5 in Maces & Flails
 11017 | D:9      | Noticed Gastronok
 11050 | D:9      | XOM: enchant monster (good)
 11099 | D:9      | Found a runed translucent gate.
 11099 | D:9      | Found a runed translucent gate.
 11099 | D:9      | Found a runed translucent gate.
 11108 | D:9      | Noticed PeterQ's ghost (novice TrHu)
 11389 | D:10     | Entered Level 10 of the Dungeon
 11432 | D:10     | Found Xuugy's Antique Weapon Shoppe.
 11468 | D:10     | Found Ygaesale's Book Shoppe.
 11490 | D:10     | XOM: destruction
 11584 | D:10     | Reached XP level 11. HP: 99/99 MP: 14/14
 11606 | D:10     | XOM: scenery: create altars
 11619 | D:10     | Found Ossigret's Armour Boutique.
 11661 | D:10     | XOM: 1-stop teleportation journey
 11838 | D:10     | Found Lyojexku's Antique Weapon Shoppe.
 11838 | D:10     | XOM: 2-stop teleportation journey
 11893 | D:10     | Bought a +0 pair of gloves for 58 gold pieces
 11893 | D:10     | Bought a +0 cloak for 58 gold pieces
 11893 | D:10     | Bought a +2 pair of gloves of archery for 279 gold pieces
 12020 | D:10     | XOM: give mutation
 12020 | D:10     | Lost mutation: You are clumsy. (Dex -2) [Xom's grace]
 12093 | D:10     | XOM: blink monster(s)
 12113 | D:10     | Found a staircase to the Lair.
 12360 | D:10     | Found Otaiqad's General Store.
 12367 | D:10     | Bought a scroll of identify for 30 gold pieces
 12494 | Lair:1   | Entered Level 1 of the Lair of Beasts
 12675 | Lair:1   | XOM: summons friendly iron imp
 12687 | Lair:1   | XOM: summons 9 friendly demons
 12804 | Lair:1   | XOM: smoke on damage
 12809 | Lair:1   | Found a gate leading to a gauntlet.
 12812 | Lair:1   | XOM: confuse monster(s)
 12859 | Gauntlet | Entered a Gauntlet
 12859 | Gauntlet | Found a transporter.
 12859 | Gauntlet | Found a transporter.
 12982 | Gauntlet | Found a transporter.
 12984 | Gauntlet | Found a transporter.
 12989 | Gauntlet | Found a transporter.
 12990 | Gauntlet | Noticed an oklob plant
 12996 | Gauntlet | Found a transporter.
 13005 | Gauntlet | XOM: summons 3 hostile shadow creatures
 13008 | Gauntlet | Found a transporter.
 13008 | Gauntlet | Found a transporter.
 13008 | Gauntlet | Noticed a balrug
 13008 | Gauntlet | Noticed a necromancer
 13049 | Gauntlet | XOM: mild Fire miscast
 13175 | Gauntlet | Noticed a death yak
 13175 | Gauntlet | Noticed a death yak
 13176 | Gauntlet | Noticed a death yak
 13176 | Gauntlet | Noticed a death yak
 13176 | Gauntlet | Noticed a death yak
 13177 | Gauntlet | Noticed a death yak
 13201 | Gauntlet | Found a transporter.
 13202 | Gauntlet | Noticed a fire crab
 13204 | Gauntlet | Found a transporter.
 13224 | Gauntlet | Found a transporter.
 13241 | Gauntlet | Noticed a death scarab
 13258 | Gauntlet | Found a transporter.
 13272 | Gauntlet | Found a transporter.
 13373 | Gauntlet | Found a transporter.
 13391 | Gauntlet | Found a transporter.
 13403 | Gauntlet | Found a transporter.
 14014 | Lair:1   | Found a runed translucent door.
 14015 | Lair:1   | Noticed feelmyfire's ghost (journeyman HaGl)
 14070 | Lair:1   | Reached skill level 1 in Shields
 14070 | Lair:1   | XOM: summons 5 hostile demons
 14072 | Lair:1   | XOM: swap monsters
 14167 | Lair:1   | XOM: harmless Chrm miscast
 14184 | Lair:1   | XOM: give mutation
 14184 | Lair:1   | Lost mutation: Armour fits poorly on your strangely shaped
                  | body. [Xom's mischief]
 14227 | Lair:1   | XOM: noise
 14240 | Lair:1   | XOM: mild Conj miscast
 14304 | Lair:1   | XOM: harmless Conj miscast
 14353 | Lair:2   | XOM: destruction
 14360 | Lair:2   | XOM: summons 2 friendly demons
 14362 | Lair:2   | XOM: mild Hex miscast
 14461 | Lair:2   | XOM: enchant monster (good)
 14537 | Lair:2   | XOM: medium Tmut miscast
 14540 | Lair:2   | Reached skill level 10 in Slings
 14560 | Lair:2   | Reached skill level 5 in Shields
 14580 | Lair:2   | XOM: cleaving
 14586 | Lair:2   | XOM: polymorph water moccasin -> shapeshifter
 14592 | Lair:2   | XOM: summons 10 friendly demons
 14593 | Lair:2   | XOM: divination: magic mapping
 14594 | Lair:2   | Reached XP level 12. HP: 70/106 MP: 15/15
 14597 | Lair:2   | Found a staircase to the Snake Pit.
 14799 | Lair:2   | XOM: give mutations
 14799 | Lair:2   | Gained mutation: You can translocate small distances at
                  | will. [Xom's grace]
 14799 | Lair:2   | Gained mutation: Your flesh is heat resistant. (rF+) [Xom's
                  | grace]
 14799 | Lair:2   | Gained mutation: Your flesh is very heat resistant. (rF++)
                  | [Xom's grace]
 14846 | Lair:2   | XOM: summons friendly ufetubus
 15098 | Lair:2   | XOM: divine lightning
 15172 | Lair:2   | XOM: cast spell 'Monstrous Menagerie'
 15375 | Lair:2   | XOM: summons 2 hostile shadow creatures
 15483 | Lair:2   | XOM: give mutations
 15483 | Lair:2   | Gained mutation: Your muscles are strong. (Str +2) [Xom's
                  | grace]
 15483 | Lair:2   | Gained mutation: You are resistant to hostile enchantments.
                  | (MR+) [Xom's grace]
 15631 | Lair:3   | XOM: god gift: wand of acid (10)
 15751 | Lair:3   | XOM: confuse monster(s)
 15926 | Lair:3   | XOM: give mutation
 15926 | Lair:3   | Gained mutation: You are agile. (Dex +2) [Xom's grace]
 16074 | Lair:3   | XOM: cleaving
 16092 | Lair:3   | XOM: summons 12 friendly demons
 16161 | Lair:3   | XOM: scenery: create altars
 16200 | Lair:3   | XOM: severe Conj miscast
 16209 | Lair:3   | XOM: harmless Tmut miscast
 16320 | Lair:3   | XOM: noise
 16533 | Lair:3   | XOM: divination: magic mapping
 16732 | Lair:4   | XOM: summons 3 friendly demons
 16821 | Lair:4   | XOM: god gift: wand of acid (11)
 16962 | Lair:4   | XOM: polymorph komodo dragon -> tarantella
 17009 | Lair:4   | Identified a scroll of acquirement
 17011 | Lair:4   | Got a dazzling hunting sling
 17012 | Lair:4   | Identified the +7 hunting sling "Beefuw" {freeze, rF- rC+++
                  | Str-5 Int+7} (You acquired it on level 4 of the Lair of
                  | Beasts)
 17034 | Lair:4   | Found a staircase to the Swamp.
 17191 | Lair:4   | XOM: god gift: potion of brilliance
 17238 | Lair:4   | Reached skill level 10 in Shields
 17244 | Lair:4   | Noticed a six-headed hydra
 17249 | Lair:4   | XOM: summons 3 friendly demons
 17252 | Lair:4   | Killed a six-headed hydra
 17283 | Lair:4   | XOM: confuse monster(s)
 17300 | Lair:4   | XOM: mild Conj miscast
 17407 | Lair:4   | XOM: 3-stop teleportation journey
 17652 | Lair:4   | XOM: give mutation
 17652 | Lair:4   | Lost mutation: Your mind is acute. (Int +2) [Xom's
                  | mischief]
 17707 | Lair:4   | XOM: harmless Fire miscast
 17751 | Lair:4   | XOM: harmless Tloc miscast
 17768 | Lair:4   | Reached XP level 13. HP: 111/113 MP: 16/16
 18095 | Lair:5   | Identified the +6 chain mail of Day {rPois Int+4 Dex+8}
                  | (You found it on level 5 of the Lair of Beasts)
 18103 | Lair:5   | XOM: silly message
 18144 | Lair:5   | XOM: harmless Pois miscast
 18225 | Lair:5   | XOM: 5-stop teleportation journey
 18597 | Lair:5   | XOM: give mutation
 18597 | Lair:5   | Lost mutation: You can translocate small distances at will.
                  | [Xom's mischief]
 18660 | Lair:6   | Entered Level 6 of the Lair of Beasts
 18743 | Lair:6   | XOM: silly message
 18762 | Lair:5   | XOM: harmless Fire miscast
 18777 | Lair:5   | XOM: medium Summ miscast
 18789 | Lair:6   | Found a viscous altar of Jiyva.
 18789 | Lair:6   | XOM: 2-stop teleportation journey
 18837 | Lair:6   | XOM: harmless Fire miscast
 18867 | Lair:6   | Found a staircase to the Slime Pits.
 18985 | Lair:6   | XOM: 2-stop teleportation journey
 19204 | Lair:6   | XOM is BORED!
 19204 | Lair:6   | XOM: give mutations
 19204 | Lair:6   | Lost mutation: You have a pair of large horns on your head.
                  | [Xom's mischief]
 19204 | Lair:6   | Lost mutation: Your flesh is very heat resistant. (rF++)
                  | [Xom's mischief]
 19204 | Lair:6   | Lost mutation: You are resistant to hostile enchantments.
                  | (MR+) [Xom's mischief]
 19439 | Lair:6   | XOM: summons 4 hostile shadow creatures
 19673 | D:10     | Bought a +2 cloak of magic resistance for 322 gold pieces
 19676 | D:10     | XOM: summons 6 hostile demons
 20210 | Lair:6   | XOM: medium Ice miscast
 20309 | Lair:6   | XOM: give mutations
 20309 | Lair:6   | Lost mutation: You are agile. (Dex +2) [Xom's mischief]
 20309 | Lair:6   | Lost mutation: You have sharp toenails. [Xom's mischief]
 20309 | Lair:6   | Gained mutation: Your body sometimes deteriorates upon
                  | taking damage. [Xom's mischief]
 20355 | Lair:6   | XOM: noise
 20407 | Lair:6   | XOM: harmless Tmut miscast
 20411 | Lair:6   | XOM: noise
 20413 | Lair:6   | XOM: divination: detect creatures
 20522 | Lair:6   | XOM: harmless Summ miscast
 20529 | Lair:6   | Noticed a dire elephant
 20529 | Lair:6   | Noticed a dire elephant
 20548 | Lair:6   | Noticed a dire elephant
 20741 | D:11     | XOM: enchant monster (bad)
 21185 | D:11     | XOM: medium Tloc miscast
 21206 | D:11     | XOM: god gift: iridescent rapier {god gift}
 21207 | D:11     | Got an iridescent rapier {god gift}
 21208 | D:11     | Identified the +11 rapier "Coiqa" {chaos, rC+ Stlth+} (Xom
                  | gifted it to you on level 11 of the Dungeon)
 21623 | D:12     | XOM: harmless Pois miscast
 21674 | D:12     | XOM: 2-stop teleportation journey
 21787 | D:12     | Got a shimmering cloak
 21799 | D:12     | Identified the +1 cloak of Xarowaf {rPois rF+ Stlth+} (You
                  | acquired it on level 12 of the Dungeon)
 21921 | D:12     | XOM: 3-stop teleportation journey
 22203 | Orc:1    | Entered Level 1 of the Orcish Mines
 22230 | Orc:1    | XOM: scenery: create altars
 22337 | Orc:1    | XOM: summons 13 friendly demons
 22349 | Orc:1    | Noticed Maurice
 22350 | Orc:1    | XOM: cloud trail
 22368 | Orc:1    | Killed Maurice
 22368 | Orc:1    | Noticed Fannar
 22598 | D:9      | XOM: give mutation
 22598 | D:9      | Gained mutation: You expend magic power (3 MP) to
                  | strengthen your wands. [Xom's grace]
 22610 | D:9      | XOM: give mutation
 22610 | D:9      | Gained mutation: Your mind is acute. (Int +2) [Xom's grace]
 22655 | D:9      | XOM: give mutations
 22655 | D:9      | Gained mutation: You are partially covered in thin metallic
                  | scales. (AC +2) [Xom's grace]
 22655 | D:9      | Gained mutation: You passively map a small area around you.
                  | [Xom's grace]
 22697 | Orc:1    | Killed Fannar
 22697 | Orc:1    | XOM: divine lightning
 22866 | Orc:1    | Noticed Urug
 22866 | Orc:1    | XOM: divination: detect items
 22868 | Orc:1    | XOM: blink monster(s)
 22873 | Orc:1    | Killed Urug
 22873 | Orc:1    | Reached skill level 10 in Axes
 22873 | Orc:1    | Reached skill level 10 in Armour
 22935 | Orc:1    | Noticed an orc warlord
 22941 | Orc:1    | XOM: scenery: create altars
 22942 | Orc:1    | XOM: enchant monster (bad)
 22944 | Orc:1    | XOM: 6-stop teleportation journey
 22944 | Orc:1    | Noticed an orc warlord
 22975 | Orc:1    | XOM: destruction
 22977 | Orc:1    | XOM: stat loss: -1 Dex (20/21)
 22980 | Orc:1    | XOM: enchant monster (bad)
 22982 | Orc:1    | Killed an orc warlord
 23039 | Orc:1    | XOM: summons 4 friendly demons
 23059 | Orc:1    | Killed an orc warlord
 23059 | Orc:1    | Reached skill level 10 in Dodging
 23059 | Orc:1    | Reached XP level 14. HP: 71/121 MP: 0/17
 23118 | Orc:1    | XOM: god gift: 15 sling bullets
 23310 | Orc:1    | XOM: give mutation
 23310 | Orc:1    | Gained mutation: You have large cloven feet. [Xom's grace]
 23346 | Orc:2    | Entered Level 2 of the Orcish Mines
 23403 | Orc:2    | XOM: god gift: 59 gold pieces
 23485 | Orc:2    | XOM: god gift: heavily runed amber ring {god gift}
 23486 | Orc:2    | Got a heavily runed amber ring {god gift}
 23491 | Orc:2    | XOM: potion effect (berserk rage)
 23492 | Orc:2    | XOM: confuse monster(s)
 23503 | Orc:1    | Identified the ring of Greater Demons {*Drain rElec MP+9
                  | Str-2 Dex+9} (Xom gifted it to you on level 2 of the Orcish
                  | Mines)
 23562 | Orc:2    | Found Jechutare's Gadget Boutique.
 23577 | Orc:2    | XOM: mild Tmut miscast
 23617 | Orc:2    | Found Ebookhit's Food Shop.
 23620 | Orc:2    | Found Qochaewk's Gadget Shoppe.
 23756 | Orc:2    | Noticed Jorgrun
 23758 | Orc:2    | XOM: summons 3 friendly demons
 23759 | Orc:2    | XOM: fog
 23769 | Orc:2    | XOM: swap monsters
 23776 | Orc:2    | Killed Jorgrun
 23962 | Orc:2    | Found Luxeatre's Armour Shop.
 23970 | Orc:2    | Bought the +10 large shield of Ignorance {rN+ Int-4} for
                  | 802 gold pieces
 23970 | Orc:2    | Found the +10 large shield of Ignorance {rN+ Int-4}
 24028 | Orc:2    | Found a staircase to the Elven Halls.
 24351 | Orc:2    | XOM: 1-stop teleportation journey
 24447 | Orc:2    | XOM: god gift: leather armour {god gift}
 24508 | Orc:2    | XOM: summons 14 friendly demons
 24511 | Orc:2    | XOM: polymorph quasit -> crimson imp
 24597 | D:9      | XOM: harmless Erth miscast
 24698 | D:13     | XOM: god gift: rapier {god gift}
 24742 | D:13     | XOM: harmless Chrm miscast
 24783 | D:13     | XOM: divination: detect items
 24926 | D:13     | Learned a level 1 spell: Animate Skeleton
 24928 | D:13     | Learned a level 1 spell: Apportation
 25010 | D:13     | XOM: cloud trail
 25075 | D:13     | XOM: harmless Pois miscast
 25187 | D:13     | XOM: enchant monster (good)
 25337 | D:14     | Found Hiurel Fima's Gadget Shoppe.
 25362 | D:14     | Found Asekh's Distillery.
 25405 | D:14     | XOM: god gift: 7 rations
 25412 | D:14     | Found Fahetw Lippu's Distillery.
 25485 | D:14     | XOM: 1-stop teleportation journey
 25501 | D:14     | Noticed Agnes
 25512 | D:14     | XOM: potion effect (curing)
 25516 | D:14     | Killed Agnes
 25566 | D:14     | Found Niar's Food Shoppe.
 25708 | D:14     | Found Denlutz's Food Shop.
 25731 | D:14     | XOM: mild Fire miscast
 25894 | D:14     | XOM: confuse monster(s)
 25899 | D:14     | Reached skill level 1 in Stealth
 25905 | D:14     | Found a gate to the Vaults.
 25905 | D:14     | Noticed an ironheart preserver
 25915 | D:14     | XOM: enchant monster (good)
 25919 | D:14     | Killed an ironheart preserver
 26150 | D:15     | Entered Level 15 of the Dungeon
 26155 | D:15     | XOM: cleaving
 26178 | D:15     | XOM: god gift: thin smoking staff {god gift}
 26187 | D:15     | Found Farrowag's Magic Scroll Shoppe.
 26235 | D:15     | Reached skill level 15 in Axes
 26247 | D:15     | XOM: 2-stop teleportation journey
 26290 | D:15     | Noticed Nessos
 26308 | D:15     | Killed Nessos
 26308 | D:15     | Reached XP level 15. HP: 127/128 MP: 18/18
 26327 | D:15     | Found a frozen archway.
 26332 | D:15     | XOM: give mutations
 26332 | D:15     | Gained mutation: You are robust. (+10% HP) [Xom's grace]
 26332 | D:15     | Gained mutation: Your flesh is very heat resistant. (rF++)
                  | [Xom's grace]
 26356 | D:15     | XOM: summons 7 hostile demons
 26377 | IceCv    | Entered an ice cave
 26530 | IceCv    | XOM: summons 3 friendly demons
 26573 | IceCv    | XOM: 2-stop teleportation journey
 26719 | IceCv    | XOM: summons friendly white imp
 26886 | IceCv    | XOM: give mutations
 26886 | IceCv    | Lost mutation: You are robust. (+10% HP) [Xom's mischief]
 26886 | IceCv    | Lost mutation: Your body sometimes deteriorates upon taking
                  | damage. [Xom's mischief]
 26886 | IceCv    | Gained mutation: You are resistant to electric shocks.
                  | (rElec) [Xom's mischief]
 26900 | IceCv    | Got a shimmering hat
 26901 | IceCv    | Identified the -5 hat of the Zebra {rC+ Int+4} (You found
                  | it in an ice cave)
 26914 | IceCv    | Got a pair of ancient gloves
 26970 | IceCv    | XOM: potion effect (curing)
 26989 | IceCv    | XOM: god gift: 40 gold pieces
 26993 | IceCv    | Identified the cursed +2 demon trident "Fen Vily" {flame,
                  | rElec rPois rF+ Dex+5} (You found it in an ice cave)
 26994 | IceCv    | Identified the -2 pair of gloves of Happiness {Int+4 Dex+3
                  | Slay+2} (You found it in an ice cave)
 27023 | IceCv    | XOM: enchant monster (good)
 27024 | IceCv    | XOM: god gift: crooked runed staff {god gift}
 27069 | IceCv    | XOM: summons 9 friendly demons
 27082 | IceCv    | XOM: potion effect (invisibility)
 27100 | IceCv    | XOM: give mutations
 27100 | IceCv    | Lost mutation: You have supernaturally acute eyesight.
                  | (SInv) [Xom's mischief]
 27100 | IceCv    | Lost mutation: You expend magic power (3 MP) to strengthen
                  | your wands. [Xom's mischief]
 27100 | IceCv    | Lost mutation: You possess an exceptional clarity of mind.
                  | [Xom's mischief]
 27100 | IceCv    | Lost mutation: You have large cloven feet. [Xom's mischief]
 27375 | D:15     | XOM: summons 4 hostile shadow creatures
 27402 | D:15     | XOM: 4-stop teleportation journey
 27434 | D:15     | Reached skill level 1 in Polearms
 27465 | D:15     | Noticed Josephine
 27471 | D:15     | Killed Josephine
 27482 | D:15     | XOM: give mutation
 27482 | D:15     | Lost mutation: Your muscles are strong. (Str +2) [Xom's
                  | mischief]
 27558 | D:15     | XOM: noise
 27575 | D:15     | XOM: harmless Chrm miscast
 27675 | D:15     | XOM: harmless Fire miscast
 27714 | D:15     | Identified Roxanne's Grimoire of Transformation
 27714 | D:15     | Noticed Roxanne
 27775 | D:15     | XOM: mild Summ miscast
 27791 | D:15     | XOM: medium Hex miscast
 27804 | D:15     | XOM: polymorph wizard -> merfolk
 27880 | D:15     | Found a staircase to the Depths.
 27915 | D:15     | XOM: god gift: scale mail {god gift}
 28161 | Lair:2   | XOM: god gift: potion of might
 28205 | Swamp:1  | Entered Level 1 of the Swamp
 28206 | Swamp:1  | Upgraded the game from 0.24-a0-615-g751f86b5a9 to
                  | 0.24-a0-616-ge2a249a6fd
 28231 | Swamp:1  | XOM: summons friendly white imp
 28233 | Swamp:1  | XOM: cleaving
 28298 | Swamp:1  | XOM: polymorph white imp -> quasit
 28332 | Swamp:1  | Reached skill level 5 in Polearms
 28423 | Swamp:1  | Identified the +2 ring mail of Izapaap {Regen+} (You found
                  | it on level 1 of the Swamp)
 28434 | Swamp:1  | Noticed Kirke
 28445 | Swamp:1  | XOM: scenery: create altars
 28452 | Swamp:1  | XOM: divine lightning
 28453 | Swamp:1  | Killed Kirke
 28453 | Swamp:1  | XOM: divine lightning
 28529 | Swamp:1  | XOM: confuse monster(s)
 28534 | Swamp:1  | XOM: scenery: create altars
 28696 | Swamp:1  | XOM: 1-stop teleportation journey
 28880 | Swamp:1  | Noticed Nikola
 28886 | Swamp:1  | XOM: cast spell 'Cause Fear'
 28898 | Swamp:1  | Killed Nikola
 29047 | Swamp:2  | XOM: noise
 29071 | Swamp:2  | XOM: summons friendly iron imp
 29210 | Swamp:1  | XOM: god gift: ration
 29241 | Swamp:2  | XOM: swap monsters
 29421 | Swamp:1  | XOM: silly message
 29479 | Swamp:1  | XOM: noise
 29632 | Swamp:2  | XOM: 3-stop teleportation journey
 29732 | Swamp:2  | Noticed a thorn hunter
 29738 | Swamp:2  | XOM: summons 7 hostile demons
 29739 | Swamp:2  | XOM: swap monsters
 29739 | Swamp:2  | Noticed a thorn hunter
 29749 | Swamp:2  | XOM: cast spell 'Cause Fear'
 29752 | Swamp:2  | XOM: blink monster(s)
 29755 | Swamp:2  | XOM: harmless Fire miscast
 29756 | Swamp:2  | XOM: confuse monster(s)
 29757 | Swamp:2  | Killed a thorn hunter
 29757 | Swamp:2  | Reached skill level 10 in Polearms
 29759 | Swamp:2  | Killed a thorn hunter
 29761 | Swamp:2  | XOM: polymorph shambling mangrove -> oklob plant
 29766 | Swamp:2  | XOM: confusion (+ monsters)
 29835 | Swamp:2  | XOM: harmless Erth miscast
 29850 | Swamp:2  | XOM: fog
 29888 | Swamp:2  | XOM: harmless Pois miscast
 29905 | Swamp:2  | XOM: noise
 29919 | Swamp:2  | XOM: noise
 29980 | Swamp:2  | XOM: scenery: create altars
 30020 | Swamp:2  | Noticed a thorn hunter
 30037 | Swamp:2  | Killed a thorn hunter
 30138 | Swamp:2  | XOM: scenery: create altars
 30143 | Swamp:2  | Noticed a thorn hunter
 30150 | Swamp:2  | XOM: 7-stop teleportation journey
 30164 | Swamp:2  | XOM: fake destruction
 30169 | Swamp:2  | XOM: fake destruction
 30174 | Swamp:2  | Killed a thorn hunter
 30272 | Swamp:2  | XOM: 4-stop teleportation journey
 30383 | Swamp:2  | Noticed Frances
 30398 | Swamp:2  | XOM: enchant monster (bad)
 30403 | Swamp:2  | XOM: fog
 30410 | Swamp:2  | Killed Frances
 30410 | Swamp:2  | Reached skill level 11 in Fighting
 30410 | Swamp:2  | Reached XP level 16. HP: 95/137 MP: 19/19
 30438 | Swamp:2  | XOM: god gift: 18 stones
 31174 | Swamp:3  | XOM: god gift: runed rapier {god gift}
 31219 | Swamp:3  | XOM: fog
 31301 | Swamp:3  | XOM: 3-stop teleportation journey
 31592 | Swamp:3  | XOM: cleaving
 31608 | Swamp:3  | XOM: cast spell 'Summon Horrible Things'
 31668 | Swamp:3  | XOM: divination: magic mapping
 31782 | Swamp:3  | XOM: summons friendly shadow imp
 31827 | Swamp:3  | XOM: noise
 31947 | Swamp:4  | Entered Level 4 of the Swamp
 31952 | Swamp:4  | XOM: enchant monster (good)
 31989 | Swamp:4  | XOM: divination: detect creatures
 31996 | Swamp:4  | XOM: divination: detect creatures
 32024 | Swamp:4  | XOM: destruction
 32254 | Swamp:4  | Found a runed translucent door.
 32254 | Swamp:4  | Found a shimmering altar of Xom.
 32254 | Swamp:4  | Noticed Kabixx's ghost (adept DsFE)
 32276 | Swamp:4  | XOM: cast spell 'Metabolic Englaciation'
 32284 | Swamp:4  | Noticed a thorn hunter
 32285 | Swamp:4  | XOM: polymorph swamp dragon -> elephant
 32305 | Swamp:4  | Killed a thorn hunter
 32432 | Swamp:4  | XOM: 1-stop teleportation journey
 32440 | Swamp:4  | Noticed the 27-headed Lernaean hydra
 32769 | Swamp:4  | Reached skill level 12 in Fighting
 32807 | Swamp:4  | XOM: give mutation
 32807 | Swamp:4  | Gained mutation: You have sharp toenails. [Xom's grace]
 32879 | Swamp:4  | XOM: fake destruction
 33019 | Swamp:4  | Killed the 27-headed Lernaean hydra
 33078 | Swamp:4  | XOM: divination: detect items
 33185 | Swamp:4  | XOM: potion effect (berserk rage)
 33283 | Swamp:4  | Got a decaying rune of Zot
 33965 | Snake:1  | Entered Level 1 of the Snake Pit
 33991 | Snake:1  | XOM: noise
 33992 | Snake:1  | XOM: enchant monster (good)
 34006 | Snake:1  | XOM: noise
 34140 | Snake:1  | XOM: 1-stop teleportation journey
 34149 | Snake:1  | Found Haef's Food Shop.
 34171 | Snake:1  | XOM: enchant monster (bad)
 34176 | Snake:1  | XOM: stat loss: -1 Int (10/11)
 34180 | Snake:1  | XOM: blink monster(s)
 34184 | Snake:1  | XOM: harmless Chrm miscast
 34194 | Snake:1  | XOM: harmless Necr miscast
 34196 | Snake:1  | XOM: enchant monster (bad)
 34197 | Snake:1  | XOM: noise
 34406 | Snake:1  | XOM: harmless Tmut miscast
 34418 | Snake:1  | XOM: summons 3 hostile shadow creatures
 34425 | Snake:1  | XOM: divination: magic mapping
 34458 | Snake:1  | XOM: noise
 34633 | Snake:1  | XOM: scenery: create altars
 34655 | Snake:1  | XOM: confusion
 34662 | Snake:1  | XOM: swap monsters
 35321 | Snake:1  | XOM: harmless Air miscast
 35346 | Snake:2  | Reached XP level 17. HP: 148/148 MP: 20/20
 35622 | Snake:2  | XOM: 7-stop teleportation journey
 35729 | Snake:2  | Reached skill level 13 in Fighting
 35769 | Snake:2  | XOM: scenery: create altars
 35796 | Snake:2  | XOM: scenery: create altars
 36345 | Snake:3  | XOM: summons 8 friendly demons
 36352 | Snake:3  | XOM: chaos upgrade
 36395 | Snake:3  | XOM: scenery: create altars
 36419 | Snake:3  | XOM: confuse monster(s)
 36436 | Snake:3  | XOM: swap monsters
 36640 | Snake:3  | XOM: harmless Tloc miscast
 36678 | Snake:3  | XOM: confuse monster(s)
 36683 | Snake:3  | XOM: noise
 37185 | Snake:3  | XOM: harmless Necr miscast
 37427 | Snake:3  | XOM: harmless Tloc miscast
 37507 | Snake:4  | Entered Level 4 of the Snake Pit
 37591 | Snake:4  | XOM: summons friendly white imp
 37609 | Snake:4  | Reached skill level 14 in Fighting
 37731 | Snake:4  | XOM: snakes to sticks
 37733 | Snake:4  | XOM: confuse monster(s)
 37738 | Snake:4  | XOM: cast spell 'Statue Form'
 37746 | Snake:4  | XOM: cast spell 'Death Channel'
 37747 | Snake:4  | XOM: cast spell 'Summon Dragon'
 37751 | Snake:4  | XOM: summons friendly quasit
 37793 | Snake:4  | Reached skill level 15 in Shields
 37795 | Snake:4  | XOM: confuse monster(s)
 37822 | Snake:4  | XOM: noise
 37825 | Snake:4  | Reached XP level 18. HP: 153/160 MP: 21/21
 37836 | Snake:4  | XOM: polymorph naga sharpshooter -> jumping spider
 37930 | Snake:4  | XOM: swap monsters
 37934 | Snake:4  | XOM: noise
 37956 | Snake:4  | XOM: confusion (+ monsters)
 37972 | Snake:4  | XOM: cast spell 'Summon Butterflies'
 38096 | Snake:4  | XOM: mild Tloc miscast
 38103 | Snake:4  | XOM: summons friendly quasit
 38299 | Snake:4  | Got a serpentine rune of Zot
 38370 | Snake:4  | Found a transporter.
 38370 | Snake:4  | Noticed PlumEater's ghost (adept GrEE)
 38547 | Snake:4  | Found a bloodstained altar of Trog.
 38589 | Snake:4  | Found a transporter.
 38595 | Snake:4  | Identified the +5 dire flail "Icyuthrud" {protect, Dex+4}
 38776 | Snake:4  | XOM: polymorph naga warrior -> glowing orange brain
 38778 | Snake:4  | XOM: swap monsters
 38781 | Snake:4  | XOM: potion effect (haste)
 38784 | Snake:4  | XOM: divination: detect items
 39051 | Vaults:1 | Entered Level 1 of the Vaults
 39116 | Vaults:1 | Upgraded the game from 0.24-a0-616-ge2a249a6fd to
                  | 0.24-a0-618-ge4662a2d14
 39239 | Vaults:1 | XOM: harmless Conj miscast
 39242 | Vaults:1 | XOM: harmless Erth miscast
 39262 | Vaults:1 | XOM: divination: detect creatures
 39264 | Vaults:1 | XOM: harmless Fire miscast
 39318 | Vaults:1 | XOM: scenery: create altars
 39334 | Vaults:1 | XOM: polymorph vault guard -> ice dragon
 39341 | Vaults:1 | XOM: summons 1 friendly demon
 39347 | Vaults:1 | XOM: summons friendly quasit
 39360 | Vaults:1 | Reached skill level 5 in Stealth
 39370 | Vaults:1 | XOM: summons friendly quasit
 39386 | Vaults:1 | XOM: potion effect (brilliance)
 39396 | Vaults:1 | XOM: enchant monster (good)
 39410 | Vaults:1 | XOM: divination: magic mapping
 39494 | Vaults:1 | XOM: 4-stop teleportation journey
 39675 | Vaults:1 | Found Cyipewao's Jewellery Shoppe.
 39694 | Vaults:1 | XOM: harmless Air miscast
 39897 | Vaults:1 | XOM: confusion
 39898 | Vaults:1 | Paralysed by a great orb of eyes for 2 turns
 40178 | Vaults:1 | XOM: give mutation
 40186 | Vaults:1 | XOM: mild Fire miscast
 40660 | Vaults:1 | XOM: summons friendly iron imp
 40669 | Vaults:1 | Noticed a lich
 40672 | Vaults:1 | XOM: confusion
 40676 | Vaults:1 | Killed a lich
 40679 | Vaults:1 | XOM: enchant monster (good)
 40682 | Vaults:1 | XOM: enchant monster (good)
 40683 | Vaults:1 | XOM: enchant monster (bad)
 40691 | Vaults:1 | XOM: enchant monster (bad)
 40728 | Vaults:1 | XOM: enchant monster (bad)
 40745 | Vaults:1 | XOM: cast spell 'Call Canine Familiar'
 40749 | Vaults:1 | XOM: confuse monster(s)
 40763 | Vaults:1 | Reached skill level 15 in Fighting
 40930 | Vaults:1 | XOM: mild Tmut miscast
 40997 | Vaults:1 | XOM: stat loss: -1 Int (10/11)
 41006 | Vaults:1 | Identified the +3 scale mail of Diam {rC+ Int+4 Slay-4}
                  | (You found it on level 1 of the Vaults)
 41046 | Vaults:1 | XOM: harmless Chrm miscast
 41185 | Vaults:1 | XOM: give mutations
 41185 | Vaults:1 | Gained mutation: Your muscles are strong. (Str +2) [Xom's
                  | grace]
 41185 | Vaults:1 | Gained mutation: Your system is resistant to poisons.
                  | (rPois) [Xom's grace]
 41185 | Vaults:1 | Gained mutation: Your muscles are very strong. (Str +4)
                  | [Xom's grace]
 41185 | Vaults:1 | Gained mutation: You expend magic power (3 MP) to
                  | strengthen your wands. [Xom's grace]
 41317 | Vaults:1 | XOM: medium Erth miscast
 41368 | Vaults:1 | XOM: harmless Necr miscast
 41414 | Vaults:1 | Identified the +4 plate armour "Fuom" {rF+} (You found it
                  | on level 1 of the Vaults)
 41572 | Vaults:2 | XOM: medium Summ miscast
 41649 | Vaults:2 | Reached XP level 19. HP: 170/170 MP: 22/22
 41650 | Vaults:2 | Noticed Jory
 41669 | Vaults:2 | XOM: god gift: falchion {god gift}
 41670 | Vaults:2 | Killed Jory
 41670 | Vaults:2 | Reached skill level 15 in Armour
 41777 | Vaults:2 | XOM: 4-stop teleportation journey
 41888 | Vaults:2 | XOM: noise
 41890 | Vaults:2 | XOM: summons 7 friendly demons
 41908 | Vaults:2 | XOM: enchant monster (bad)
 41959 | Vaults:2 | XOM: noise
 42182 | Vaults:2 | XOM: mild Pois miscast
 42870 | Vaults:3 | XOM: confusion
 42907 | Vaults:3 | Noticed a bone dragon
 42907 | Vaults:3 | XOM: swap monsters
 42908 | Vaults:3 | Found a staircase to the Crypt.
 42909 | Vaults:3 | XOM: blink monster(s)
 42939 | Vaults:3 | Killed a bone dragon
 43054 | Vaults:3 | XOM: enchant monster (good)
 43090 | Vaults:3 | Reached skill level 15 in Dodging
 43163 | Vaults:3 | XOM: polymorph red devil -> chaos spawn
 43202 | Vaults:3 | XOM: smoke on damage
 43236 | Vaults:3 | XOM: polymorph frost giant -> sphinx
 43404 | Vaults:2 | XOM: mild Tmut miscast
 43537 | Vaults:3 | Reached skill level 16 in Fighting
 43607 | Vaults:3 | XOM: summons 4 hostile shadow creatures
 43681 | Vaults:3 | XOM is BORED!
 43681 | Vaults:3 | XOM: 1-stop teleportation journey
 43721 | Vaults:3 | XOM: summons 2 hostile shadow creatures
 43736 | Vaults:3 | XOM: cast spell 'Discord'
 43738 | Vaults:3 | XOM: blink monster(s)
 43937 | Vaults:3 | XOM: 3-stop teleportation journey
 43947 | Vaults:3 | XOM: mild Pois miscast
 43968 | Vaults:3 | XOM: confusion
 44022 | Vaults:3 | XOM: 1-stop teleportation journey
 44193 | Vaults:3 | Reached skill level 17 in Fighting
 44196 | Vaults:3 | XOM: confusion
 44207 | Vaults:3 | XOM: noise
 44326 | Vaults:3 | XOM: polymorph frost giant -> quicksilver dragon
 44327 | Vaults:3 | XOM: mild Tmut miscast
 44330 | Vaults:3 | XOM: potion effect (berserk rage)
 44332 | Vaults:3 | XOM: swap monsters
 44339 | Vaults:3 | XOM: chaos upgrade
 44460 | Vaults:3 | XOM: swap monsters
 44471 | Vaults:3 | XOM: confusion
 44475 | Vaults:3 | XOM: harmless Tmut miscast
 44476 | Vaults:3 | XOM: noise
 44478 | Vaults:3 | XOM: potion effect (curing)
 44498 | Vaults:3 | XOM: divination: detect items
 44499 | Vaults:3 | XOM: cast spell 'Summon Hydra'
 44515 | Vaults:3 | XOM: polymorph rakshasa -> hell hog
 44515 | Vaults:3 | Paralysed by a sphinx for 2 turns
 44519 | Vaults:3 | XOM: cast spell 'Summon Small Mammal'
 44532 | Vaults:3 | XOM: confuse monster(s)
 44540 | Vaults:3 | Reached XP level 20. HP: 158/185 MP: 22/24
 44678 | Vaults:3 | Found Qeikhuom's Distillery.
 45016 | Vaults:3 | XOM: mild Ice miscast
 45301 | Vaults:4 | Reached skill level 18 in Fighting
 45336 | Vaults:4 | XOM: confuse monster(s)
 45362 | Vaults:4 | XOM: cast spell 'Summon Ice Beast'
 45375 | Vaults:4 | XOM: cleaving
 45384 | Vaults:4 | XOM: confuse monster(s)
 45695 | Vaults:4 | XOM: fog
 45701 | Vaults:4 | XOM: give mutations
 45701 | Vaults:4 | Gained mutation: You are robust. (+10% HP) [Xom's grace]
 45701 | Vaults:4 | Gained mutation: You evolve. [Xom's grace]
 45701 | Vaults:4 | Gained mutation: You have an increased reservoir of magic.
                  | (+10% MP) [Xom's grace]
 45745 | Vaults:4 | XOM: summons 7 friendly demons
 45783 | Vaults:4 | XOM: god gift: scroll of fear
 45954 | Vaults:4 | XOM: summons friendly crimson imp
 46090 | Vaults:4 | XOM: harmless Tloc miscast
 46105 | Vaults:4 | Identified the +8 war axe of Goxaoc {antimagic, +Inv rPois
                  | Str+5} (You found it on level 4 of the Vaults)
 46219 | Vaults:4 | XOM: 1-stop teleportation journey
 46740 | Vaults:4 | XOM: torment (118/207 hp)
 46751 | Vaults:4 | Identified the +10 long sword "Ymedwienn" {freeze, *Slow
                  | Str+3 Int+4} (You found it on level 4 of the Vaults)
 46804 | Vaults:4 | XOM: harmless Summ miscast
 47042 | Vaults:4 | Lost mutation: You are robust. (+10% HP) [evolution]
 47211 | D:10     | XOM is BORED!
 47211 | D:10     | XOM: give mutations
 47211 | D:10     | Lost mutation: You expend magic power (3 MP) to strengthen
                  | your wands. [Xom's mischief]
 47211 | D:10     | Lost mutation: You are partially covered in thin metallic
                  | scales. (AC +2) [Xom's mischief]
 47211 | D:10     | Lost mutation: Your muscles are very strong. (Str +4)
                  | [Xom's mischief]
 47290 | Elf:1    | Entered Level 1 of the Elven Halls
 47323 | Elf:1    | Found a flickering gateway to a bazaar.
 47349 | Bazaar   | Entered a bazaar
 47349 | Bazaar   | Found Edereusk's General Store.
 47349 | Bazaar   | Found Deho Kov's Gadget Shoppe.
 47349 | Bazaar   | Found Giableje's Antique Weapon Emporium.
 47349 | Bazaar   | Found Vuompula's Weapon Emporium.
 47375 | Bazaar   | Bought a potion of might for 48 gold pieces
 47375 | Bazaar   | Bought a scroll of teleportation for 36 gold pieces
 47388 | Elf:1    | XOM: swap monsters
 47389 | Elf:1    | Noticed Azrael
 47396 | Elf:1    | Killed Azrael
 47399 | Elf:1    | XOM: swap monsters
 47491 | Elf:1    | XOM: confusion
 47504 | Elf:1    | Identified the Collected Works on Black Secrets
 47682 | Elf:1    | XOM: silly message
 47683 | Elf:1    | Upgraded the game from 0.24-a0-618-ge4662a2d14 to
                  | 0.24-a0-619-gb7544fd237
 47700 | Elf:1    | XOM: summons 1 hostile shadow creature
 47725 | Elf:1    | Found the amulet of Vitality {Regen+ HP+15}
 48005 | Elf:1    | XOM: give mutation
 48005 | Elf:1    | Lost mutation: Your system is resistant to poisons. (rPois)
                  | [Xom's mischief]
 48313 | Elf:2    | XOM: mild Tloc miscast
 48376 | Elf:2    | Found a runed translucent gate.
 48376 | Elf:2    | Found a runed translucent gate.
 48376 | Elf:2    | Found a runed translucent gate.
 48381 | Elf:2    | Reached skill level 10 in Evocations
 48463 | Elf:2    | XOM: noise
 48581 | Elf:2    | XOM: harmless Tmut miscast
 48716 | Elf:2    | XOM: divination: magic mapping
 48811 | Elf:2    | XOM: scenery: 1 doors close
 48912 | Elf:2    | XOM: 2-stop teleportation journey
 48975 | Elf:2    | XOM: cleaving
 49160 | Elf:2    | Reached skill level 19 in Fighting
 49500 | Elf:2    | XOM: cloud trail
 49601 | Elf:3    | Entered Level 3 of the Elven Halls
 49639 | Elf:3    | Reached skill level 1 in Throwing
 49835 | Elf:3    | Reached XP level 21. HP: 198/198 MP: 10/30
 49856 | Elf:3    | XOM: enchant monster (good)
 49863 | Elf:3    | XOM: cast spell 'Discord'
 49864 | Elf:3    | XOM: fake destruction
 49941 | Elf:3    | Reached skill level 5 in Throwing
 50285 | Elf:3    | XOM: 8-stop teleportation journey
 50400 | Elf:3    | XOM: summons 4 friendly demons
 50427 | Elf:3    | XOM: divination: magic mapping
 50439 | Elf:3    | XOM: butterfly on damage
 50589 | Elf:3    | Identified the ring "Agaghiti" {Wiz +Blink rC+ Int+4 SInv}
 50590 | Elf:3    | XOM: polymorph deep elf blademaster -> stone giant
 50599 | Elf:3    | XOM: enchant monster (good)
 50672 | Elf:3    | Identified the +1 acid dragon scales of Tesitum {rElec
                  | rPois rC- rCorr}
 50686 | Elf:3    | XOM: summons 8 friendly demons
 50696 | Elf:3    | Identified the +3 mace of Division {elec, *Noise rPois
                  | rN+++ SInv}
 50696 | Elf:3    | Identified the ring "Daol" {*Drain +Blink rElec rPois
                  | Int+4}
 50698 | Elf:3    | Identified the +1 spear "Usem" {pierce, rC- Int+9}
 50699 | Elf:3    | XOM: summons 2 friendly demons
 50702 | Elf:3    | Identified the cursed +1 short sword "Ummuiju" {antimagic,
                  | rPois}
 50716 | Elf:3    | XOM: summons friendly iron imp
 50717 | Elf:3    | XOM: summons friendly iron imp
 50914 | Elf:3    | XOM: summons 2 hostile shadow creatures
 50934 | Elf:3    | XOM: harmless Air miscast
 50998 | Elf:3    | XOM: polymorph deep elf high priest -> swamp worm
 51016 | Elf:3    | XOM: divination: detect items
 51045 | Elf:3    | XOM: 3-stop teleportation journey
 51130 | Elf:3    | Reached skill level 20 in Fighting
 51902 | Elf:1    | XOM: harmless Erth miscast
 51911 | Elf:1    | Reached skill level 10 in Throwing
 51922 | Elf:1    | Identified the cursed +1 robe of Talorch {rPois rN+} (You
                  | found it on level 1 of the Elven Halls)
 51924 | Elf:1    | Identified the +10 short sword of Oriast Ytia {protect,
                  | Fragile +Blink rC+++ Dex-3} (You found it on level 1 of the
                  | Elven Halls)
 52167 | Depths:1 | Found a one-way gate to the infinite horrors of the Abyss.
 52167 | Depths:1 | XOM: noise
 52167 | Depths:1 | Entered Level 1 of the Depths
 52178 | Depths:1 | XOM: scenery: create altars
 52231 | Depths:1 | XOM: enchant monster (good)
 52260 | Depths:1 | XOM: divination: detect items
 52262 | Depths:1 | XOM: enchant monster (good)
 52415 | Depths:1 | XOM: enchant monster (good)
 52416 | Depths:1 | XOM: divine lightning
 52435 | Depths:1 | XOM: mild Pois miscast
 52496 | Depths:1 | Found a gateway to Hell.
 52501 | Depths:1 | XOM: summons friendly shadow imp
 52510 | Depths:1 | XOM: summons friendly iron imp
 52523 | Depths:1 | XOM: confusion (+ monsters)
 52544 | Depths:1 | XOM: silly message
 52590 | Depths:1 | Found a magical portal.
 52595 | WizLab   | Found a transporter.
 52600 | WizLab   | Found a corrupted altar of Lugonu.
 52610 | WizLab   | XOM: summons friendly shadow imp
 52621 | WizLab   | Found a transporter.
 52633 | WizLab   | XOM: harmless Chrm miscast
 52650 | WizLab   | Found a transporter.
 52658 | WizLab   | Found a corrupted altar of Lugonu.
 52659 | WizLab   | Found the +1 cloak of Starlight {rElec rC+ EV+4 Stlth--}
 52678 | WizLab   | Found a transporter.
 52726 | WizLab   | Found a transporter.
 52727 | WizLab   | Found a transporter.
 52750 | WizLab   | Found a transporter.
 52798 | WizLab   | Found a transporter.
 52828 | WizLab   | Found a transporter.
 52882 | WizLab   | Found a transporter.
 52897 | WizLab   | Found a transporter.
 53045 | WizLab   | XOM: harmless Ice miscast
 53175 | WizLab   | Found a transporter.
 53175 | WizLab   | Found a transporter.
 53203 | WizLab   | Identified the Guide on Orientation
 53213 | WizLab   | Found a transporter.
 53239 | WizLab   | Found a transporter.
 53285 | WizLab   | Found a transporter.
 53293 | WizLab   | XOM: mild Hex miscast
 53329 | WizLab   | Got a distressingly furry cloak
 53331 | WizLab   | Identified the +0 cloak of the Old World {-Cast rElec rC+++
                  | MP+9} (You found it in a wizard's laboratory)
 53358 | WizLab   | Got a shimmering cloak
 53360 | WizLab   | Identified the +1 cloak "Poviriu" {rF+ rC- rN+ Stlth+} (You
                  | found it in a wizard's laboratory)
 53361 | WizLab   | Identified the +0 cloak "Isi Dav" {rElec rPois MP+9 Dex-3}
                  | (You found it in a wizard's laboratory)
 53414 | WizLab   | Found a transporter.
 53414 | WizLab   | Found a transporter.
 53420 | WizLab   | XOM: polymorph deep elf mage -> snapping turtle
 53445 | WizLab   | Found a transporter.
 53482 | WizLab   | Found a transporter.
 53917 | Depths:2 | XOM: polymorph centaur warrior -> glowing shapeshifter
 53929 | Depths:2 | Paralysed by a floating eye for 3 turns
 53931 | Depths:2 | XOM: cleaving
 53937 | Depths:2 | XOM: confuse monster(s)
 53956 | Depths:2 | Noticed Saint Roka
 53975 | Depths:2 | Killed Saint Roka
 54090 | Depths:2 | Reached skill level 1 in Translocations
 54100 | Depths:2 | Got a pitted wooden ring
 54101 | Depths:2 | Identified the ring "Lucw" {MP+9 Str+3 Int-5 Dex+3} (You
                  | found it on level 2 of the Depths)
 54116 | Depths:2 | Found Ecib's Food Emporium.
 54145 | Depths:2 | Reached XP level 22. HP: 209/209 MP: 10/31
 54188 | Depths:2 | XOM: cleaving
 54215 | Depths:2 | Learned a level 2 spell: Blink
 54217 | Depths:2 | Learned a level 1 spell: Summon Butterflies
 54249 | Depths:2 | Got a slimy steel ring
 54250 | Depths:2 | Identified the ring of Jukin {MP+9 Str-3 Dex+9} (You found
                  | it on level 2 of the Depths)
 54272 | Depths:2 | Found Enoapapt's Weapon Emporium.
 54285 | Depths:2 | Reached skill level 5 in Translocations
 54335 | Depths:2 | XOM: 3-stop teleportation journey
 54494 | Depths:2 | Noticed Margery
 54726 | D:10     | Bought a runed broad axe for 182 gold pieces
 54735 | D:10     | XOM: god gift: phantom mirror
 54958 | Depths:2 | XOM: potion effect (agility)
 55074 | Depths:2 | XOM: divine lightning
 55077 | Depths:2 | XOM: swap monsters
 55187 | Depths:2 | Identified the ring "Gekep" {Ice Int+3}
 55198 | Depths:2 | XOM: cast spell 'Disjunction'
 55217 | Depths:2 | XOM: god gift: hunting sling {god gift}
 55218 | Depths:2 | XOM: cast spell 'Necromutation'
 55225 | Depths:2 | XOM: summons friendly crimson imp
 55273 | Depths:2 | Killed Margery
 55385 | Depths:2 | XOM: harmless Erth miscast
 55559 | Depths:3 | XOM: cast spell 'Summon Horrible Things'
 55588 | Depths:3 | Found a runed translucent gate.
 55588 | Depths:3 | Found a runed translucent gate.
 55588 | Depths:3 | Found an ancient bone altar of Kikubaaqudgha.
 55588 | Depths:3 | Found a runed translucent gate.
 55589 | Depths:3 | Noticed an ancient lich
 55589 | Depths:3 | Noticed an ancient lich
 55590 | Depths:3 | Noticed Huxa Got's ghost (veteran DsFi)
 55624 | Depths:3 | XOM: scenery: create altars
 55627 | Depths:3 | XOM: noise
 55644 | Depths:3 | XOM: repel stairs
 55649 | Depths:3 | XOM: swap monsters
 55668 | Depths:3 | XOM: blink monster(s)
 55675 | Depths:3 | XOM: 1-stop teleportation journey
 55947 | Depths:3 | XOM: cleaving
 55987 | Depths:3 | XOM: blink monster(s)
 56173 | Depths:3 | XOM: stat loss: -1 Str (28/29)
 56248 | Depths:2 | XOM: harmless Air miscast
 56811 | Lair:2   | XOM: mild Air miscast
 56847 | Lair:4   | XOM: harmless Fire miscast
 57022 | Swamp:4  | XOM: enchant monster (bad)
 57029 | Swamp:4  | XOM: confuse monster(s)
 57035 | Swamp:4  | XOM: summons friendly iron imp
 57046 | Swamp:4  | Killed Kabixx's ghost
 57099 | Swamp:1  | XOM: god gift: 48 gold pieces
 57167 | Lair:2   | XOM: noise
 57191 | Lair:1   | XOM: god gift: 32 gold pieces
 57360 | D:5      | Killed mishael's ghost
 57439 | D:8      | XOM is BORED!
 57439 | D:8      | XOM: noise
 57537 | D:8      | Identified the ring of Ymoirgh {*Tele rF+ rC+ Slay+3} (You
                  | found it on level 8 of the Dungeon)
 57642 | D:3      | XOM: 3-stop teleportation journey
 57758 | D:7      | XOM: harmless Conj miscast
 57807 | D:9      | Found a shadowy altar of Dithmenos.
 57820 | D:9      | Found a radiant altar of Vehumet.
 57846 | D:9      | Killed Gastronok
 57849 | D:9      | XOM: mild Hex miscast
 57878 | D:9      | Found a runed translucent gate.
 57879 | D:9      | Found a runed translucent gate.
 57880 | D:9      | Found a runed translucent gate.
 58007 | D:9      | Killed PeterQ's ghost
 58100 | D:10     | XOM is BORED!
 58100 | D:10     | XOM: mild Pois miscast
 58166 | Lair:1   | Killed feelmyfire's ghost
 58383 | Lair:6   | Found a staircase to the Slime Pits.
 58383 | Lair:6   | Found a viscous altar of Jiyva.
 58524 | Lair:6   | XOM: god gift: 23 gold pieces
 58606 | Lair:6   | XOM: cast spell 'Call Canine Familiar'
 58778 | Lair:6   | Lost mutation: You passively map a small area around you.
                  | [evolution]
 59123 | Lair:6   | XOM: cloud trail
 59406 | D:9      | Found a staircase to the Orcish Mines.
 59801 | Depths:3 | XOM: polymorph infernal demonspawn -> two-headed ogre
 59817 | Depths:3 | Found a one-way gate leading to the halls of Pandemonium.
 60339 | Depths:4 | XOM: enchant monster (good)
 60353 | Depths:4 | Noticed a juggernaut
 60353 | Depths:4 | a titan changed into a juggernaut
 60353 | Depths:4 | XOM: polymorph titan -> juggernaut
 60366 | Depths:4 | Killed a juggernaut
 60366 | Depths:4 | Reached skill level 10 in Translocations
 60489 | Depths:4 | XOM: fog
 60491 | Depths:4 | XOM: potion effect (heal wounds)
 60495 | Depths:4 | Reached XP level 23. HP: 218/218 MP: 32/32
 60499 | Depths:4 | XOM: scenery: 1 doors close
 60619 | Depths:4 | XOM: cloud trail
 60642 | Depths:4 | XOM: give mutation
 60642 | Depths:4 | Gained mutation: Your flesh is almost immune to the effects
                  | of heat. (rF+++) [Xom's grace]
 60741 | Depths:4 | Found Daloottu's Distillery.
 60742 | Depths:4 | XOM: summons friendly shadow imp
 60743 | Depths:4 | Found Viefippa's Armour Shoppe.
 60747 | Depths:4 | XOM: destruction
 60762 | Depths:4 | Found Ukiatz's Book Emporium.
 60769 | Depths:4 | Bought a manual of Axes for 1766 gold pieces
 60782 | Depths:4 | Bought a potion of cancellation for 104 gold pieces
 60782 | Depths:4 | Bought 2 potions of agility for 104 gold pieces
 60782 | Depths:4 | Bought a potion of agility for 52 gold pieces
 60782 | Depths:4 | Bought a potion of haste for 130 gold pieces
 60782 | Depths:4 | Bought a potion of heal wounds for 65 gold pieces
 60875 | Depths:4 | Reached skill level 21 in Fighting
 60960 | Depths:4 | XOM: blink monster(s)
 60963 | Depths:4 | XOM: enchant monster (bad)
 61126 | Depths:4 | XOM: swap monsters
 61168 | Depths:4 | XOM: harmless Tmut miscast
 61201 | Depths:4 | XOM: medium Conj miscast
 61303 | Depths:4 | XOM: mild Chrm miscast
 61388 | Depths:4 | Noticed a juggernaut
 61398 | Depths:4 | Killed a juggernaut
 61404 | Depths:4 | XOM: blink monster(s)
 61417 | Depths:4 | Noticed a caustic shrike
 61420 | Depths:4 | XOM: enchant monster (good)
 61423 | Depths:4 | Killed a caustic shrike
 61433 | Depths:4 | XOM: divination: detect items
 61499 | Depths:4 | XOM: medium Erth miscast
 61537 | Depths:3 | XOM: give mutations
 61537 | Depths:3 | Lost mutation: You have sharp toenails. [Xom's mischief]
 61537 | Depths:3 | Gained mutation: You are clumsy. (Dex -2) [Xom's mischief]
 61607 | Depths:5 | Entered Level 5 of the Depths
 61623 | Depths:5 | XOM: give mutation
 61623 | Depths:5 | Lost mutation: You evolve. [Xom's mischief]
 61632 | Depths:5 | Found a gateway to a ziggurat.
 61712 | Depths:5 | XOM: summons 4 hostile shadow creatures
 61719 | Depths:5 | XOM: cleaving
 61990 | Depths:5 | XOM: confusion
 61996 | Depths:5 | XOM: harmless Erth miscast
 62256 | Depths:5 | Found a gate to the Realm of Zot.
 62274 | Depths:5 | XOM: summons 3 hostile demons
 62277 | Depths:5 | XOM: scenery: create altars
 62322 | Depths:5 | XOM: cast spell 'Summon Horrible Things'
 62331 | Depths:5 | XOM: scenery: 1 doors close
 62332 | Depths:5 | XOM: summons friendly shadow imp
 62944 | Vaults:5 | Entered Level 5 of the Vaults
 62951 | Vaults:5 | XOM: enchant monster (bad)
 63053 | Vaults:5 | Reached skill level 22 in Fighting
 63061 | Vaults:5 | Noticed an ancient lich
 63139 | Vaults:4 | Lost mutation: Your muscles are strong. (Str +2) [mutagenic
                  | glow]
 63333 | Vaults:5 | Killed an ancient lich
 63338 | Vaults:5 | XOM: potion effect (invisibility)
 63383 | Vaults:5 | Reached XP level 24. HP: 232/232 MP: 10/32
 63385 | Vaults:5 | Identified the +6 hand axe of the Vestibule of Hell {chop,
                  | Str+3}
 63469 | Vaults:5 | XOM: potion effect (heal wounds)
 63507 | Vaults:5 | XOM: cleaving
 63513 | Vaults:5 | XOM: divination: detect creatures
 63534 | Vaults:5 | XOM: medium Ice miscast
 63639 | Vaults:5 | XOM: swap monsters
 63709 | Vaults:5 | Gained mutation: You are partially covered in large bone
                  | plates. (SH +4) [mutagenic glow]
 63752 | Vaults:5 | Got a warped zirconium amulet
 63753 | Vaults:5 | Identified the amulet "Zuetuo" {*Drain +Rage rF+ Dex+4}
                  | (You acquired it on level 5 of the Vaults)
 63818 | Vaults:5 | Reached skill level 23 in Fighting
 63937 | Vaults:5 | XOM: enchant monster (bad)
 63946 | Vaults:5 | XOM: 1-stop teleportation journey
 63968 | Vaults:5 | XOM: summons 2 hostile demons
 63997 | Vaults:5 | XOM: harmless Conj miscast
 64075 | Vaults:5 | XOM: summons friendly white imp
 64093 | Vaults:5 | XOM: 8-stop teleportation journey
 64141 | Vaults:5 | XOM: confuse monster(s)
 64148 | Vaults:5 | XOM: cast spell 'Summon Mana Viper'
 64227 | Vaults:5 | Noticed an ancient lich
 64237 | Vaults:5 | XOM: divination: detect creatures
 64244 | Vaults:5 | Killed an ancient lich
 64394 | Vaults:5 | Identified Yscheav's Handbook of Blistering Ice
 64649 | Vaults:5 | Identified Tofitus's Guide on the Escort and Ignition
 64760 | Vaults:5 | Found the +4 moon troll leather armour {Spirit, Regen++
                  | MP+5}
 64891 | Vaults:5 | Got a silver rune of Zot
 65034 | Vaults:2 | XOM: give mutations
 65034 | Vaults:2 | Gained mutation: Your muscles are strong. (Str +2) [Xom's
                  | mischief]
 65034 | Vaults:2 | Gained mutation: You are frail. (-10% HP) [Xom's mischief]
 65034 | Vaults:2 | Lost mutation: You are frail. (-10% HP) [Xom's mischief]
 65034 | Vaults:2 | Lost mutation: You are clumsy. (Dex -2) [Xom's mischief]
 65064 | Vaults:1 | XOM: cloud trail
 65200 | Depths:2 | Bought 4 silver boomerangs for 96 gold pieces
 65669 | Swamp:2  | XOM: give mutations
 65669 | Swamp:2  | Gained mutation: You are clumsy. (Dex -2) [Xom's mischief]
 65669 | Swamp:2  | Lost mutation: You are clumsy. (Dex -2) [Xom's mischief]
 65669 | Swamp:2  | Lost mutation: Your mind is acute. (Int +2) [Xom's
                  | mischief]
 65669 | Swamp:2  | Gained mutation: You have very sharp teeth. [Xom's
                  | mischief]
 65813 | Snake:1  | XOM: mild Pois miscast
 65923 | Snake:4  | XOM: divination: detect items
 65925 | Snake:4  | XOM: cast spell 'Summon Ice Beast'
 65934 | Snake:4  | XOM: fake destruction
 65941 | Snake:4  | Killed PlumEater's ghost
 65941 | Snake:4  | Reached skill level 24 in Fighting
 65984 | Snake:4  | Reached skill level 1 in Spellcasting
 66732 | Slime:1  | Entered Level 1 of the Pits of Slime
 66766 | Slime:1  | XOM: enchant monster (bad)
 66938 | Slime:1  | XOM: scenery: create altars
 66966 | Slime:2  | Noticed Dissolution
 66980 | Slime:2  | Killed Dissolution
 66980 | Slime:2  | Reached skill level 5 in Spellcasting
 67288 | Slime:2  | XOM: polymorph titanic slime creature -> snapping turtle
 67381 | Slime:3  | XOM: fog
 67414 | Slime:4  | Reached XP level 25. HP: 245/245 MP: 34/34
 67424 | Slime:5  | Entered Level 5 of the Pits of Slime
 67456 | Slime:5  | XOM: potion effect (heal wounds)
 67522 | Slime:5  | Gained mutation: Armour fits poorly on your strangely
                  | shaped body. [a shining eye]
 67597 | Slime:5  | Noticed the Royal Jelly
 67599 | Slime:5  | XOM: god gift: 28 gold pieces
 67612 | Slime:5  | XOM: summons friendly crimson imp
 67615 | Slime:5  | XOM: cast spell 'Chain of Chaos'
 67621 | Slime:5  | Killed the Royal Jelly
 67639 | Slime:4  | Gained mutation: You have supernaturally acute eyesight.
                  | (SInv) [a shining eye]
 67838 | Slime:4  | XOM: enchant monster (good)
 67924 | Slime:5  | Identified the amulet of Xezejaim {+Fly rElec Regen+ Dex-2}
                  | (You found it on level 5 of the Pits of Slime)
 67957 | Slime:5  | XOM: 3-stop teleportation journey
 68029 | Slime:5  | XOM: give mutations
 68029 | Slime:5  | Gained mutation: Your spells are a little harder to cast,
                  | but a little more powerful. [Xom's mischief]
 68029 | Slime:5  | Lost mutation: Your muscles are strong. (Str +2) [Xom's
                  | mischief]
 68029 | Slime:5  | Lost mutation: You are partially covered in yellow scales.
                  | (AC +2) [Xom's mischief]
 68029 | Slime:5  | Lost mutation: Your flesh is almost immune to the effects
                  | of heat. (rF+++) [Xom's mischief]
 68060 | Slime:5  | Got a slimy rune of Zot
 68062 | Slime:5  | Identified the ring of Tuelisec {rN+ rCorr} (You found it
                  | on level 5 of the Pits of Slime)
 68163 | Slime:5  | Got a shimmering iron amulet
 68164 | Slime:5  | Identified the amulet of Ynnapuh {Reflect MR+ SH+2} (You
                  | acquired it on level 5 of the Pits of Slime)
 68206 | Slime:4  | XOM: repel stairs
 68208 | Slime:4  | XOM: enchant monster (bad)
 68262 | Slime:4  | XOM: polymorph acid blob -> golden dragon
 68263 | Slime:4  | XOM: smoke on damage
 68366 | Slime:4  | XOM: polymorph acid blob -> iron giant
 69070 | Zot:1    | Entered Level 1 of the Realm of Zot
 69083 | Depths:5 | XOM: summons friendly iron imp
 69166 | Zot:1    | XOM: enchant monster (good)
 69169 | Zot:1    | XOM: summons friendly crimson imp
 69184 | Zot:1    | XOM: enchant monster (good)
 69187 | Zot:1    | XOM: cast spell 'Dispersal'
 69190 | Zot:1    | XOM: confuse monster(s)
 69285 | Zot:1    | Noticed an orb of fire
 69285 | Zot:1    | Gained mutation: Your body sometimes deteriorates upon
                  | taking damage. [an orb of fire]
 69306 | Zot:1    | Gained mutation: Potions are less effective at restoring
                  | your health. [an orb of fire]
 69309 | Zot:1    | Gained mutation: You are covered in fur. (AC +1) [an orb of
                  | fire]
 69312 | Zot:1    | Killed an orb of fire
 69355 | Zot:1    | XOM: god gift: 48 gold pieces
 69473 | Zot:1    | XOM: medium Fire miscast
 69557 | Zot:1    | XOM: summons friendly ufetubus
 69563 | Zot:1    | XOM: mild Erth miscast
 69758 | Zot:1    | XOM: cast spell 'Ring of Flames'
 69806 | Zot:1    | XOM: summons friendly white imp
 69863 | Zot:1    | XOM: polymorph white imp -> iron imp
 69888 | Zot:1    | Noticed an orb of fire
 69905 | Zot:1    | Killed an orb of fire
 69905 | Zot:1    | Reached skill level 25 in Fighting
 70032 | Zot:1    | XOM: divination: detect creatures
 70053 | Zot:1    | XOM: fog
 70062 | Zot:1    | Reached XP level 26. HP: 215/258 MP: 34/34
 70095 | Zot:1    | XOM: scenery: create altars
 70403 | Zot:1    | XOM: scenery: create altars
 70667 | Zot:4    | XOM: noise
 70693 | Zot:5    | Entered Level 5 of the Realm of Zot
 70746 | Zot:5    | XOM: noise
 70790 | Zot:5    | Got a vibrating pewter amulet
 70791 | Zot:5    | Identified the amulet "Weoklol" {Reflect Str+3 SH+2} (You
                  | found it on level 5 of the Realm of Zot)
 70836 | Zot:5    | XOM: 1-stop teleportation journey
 70837 | Zot:5    | Noticed an ancient lich
 70839 | Zot:5    | XOM: harmless Necr miscast
 70845 | Zot:5    | XOM: harmless Chrm miscast
 70851 | Zot:5    | XOM: polymorph Orb Guardian -> frost giant
 70856 | Zot:5    | Killed an ancient lich
 70904 | Zot:5    | Noticed an orb of fire
 70911 | Zot:5    | XOM: stat loss: -1 Int (12/13)
 70928 | Zot:5    | XOM: swap monsters
 70934 | Zot:5    | Lost mutation: You have supernaturally acute eyesight.
                  | (SInv) [an orb of fire]
 70936 | Zot:5    | Killed an orb of fire
 70960 | Zot:5    | Noticed an orb of fire
 70965 | Zot:5    | XOM: confuse monster(s)
 70974 | Zot:5    | Gained mutation: You are frail. (-10% HP) [an orb of fire]
 70983 | Zot:5    | Killed an orb of fire
 71148 | Zot:5    | XOM: 1-stop teleportation journey
 71149 | Zot:5    | Noticed an ancient lich
 71160 | Zot:5    | Killed an ancient lich
 71160 | Zot:5    | Reached skill level 26 in Fighting
 71187 | Zot:5    | XOM: summons 2 friendly demons
 71258 | Zot:5    | XOM: 1-stop teleportation journey
 71273 | Zot:5    | XOM: give mutations
 71273 | Zot:5    | Gained mutation: You are agile. (Dex +2) [Xom's grace]
 71273 | Zot:5    | Gained mutation: You expend magic power (3 MP) to
                  | strengthen your wands. [Xom's grace]
 71273 | Zot:5    | Gained mutation: You have sharp fingernails. [Xom's grace]
 71275 | Zot:5    | Noticed an ancient lich
 71276 | Zot:5    | Noticed an orb of fire
 71289 | Zot:5    | XOM: summons friendly shadow imp
 71306 | Zot:5    | Killed an ancient lich
 71317 | Zot:5    | XOM: confuse monster(s)
 71319 | Zot:5    | Gained mutation: You occasionally shout uncontrollably at
                  | your foes. [an orb of fire]
 71320 | Zot:5    | XOM: enchant monster (good)
 71324 | Zot:5    | Noticed an ancient lich
 71336 | Zot:5    | Killed an orb of fire
 71341 | Zot:5    | Killed an ancient lich
 71584 | Zot:5    | Reached XP level 27. HP: 220/243 MP: 36/36
 71703 | Zot:5    | Got the Orb of Zot
 71903 | Depths:5 | XOM: summons friendly shadow imp
 71933 | Depths:4 | XOM: harmless Conj miscast
 71950 | Depths:4 | Gained mutation: You are weak. (Str -2) [a neqoxec]
 71951 | Depths:4 | Gained mutation: You are occasionally teleported next to
                  | monsters. [a neqoxec]
 71975 | Depths:3 | XOM: enchant monster (bad)
 71981 | Depths:3 | XOM: divination: detect creatures
 72008 | Depths:3 | XOM: cleaving
 72030 | Depths:3 | Reached skill level 27 in Fighting
 72079 | Depths:2 | Noticed Dubuf the pandemonium lord
 72113 | Depths:2 | XOM: cast spell 'Olgreb's Toxic Radiance'
 72190 | Depths:1 | XOM: smoke on damage
 72288 | D:11     | XOM: god gift: 39 gold pieces
 72292 | D:11     | Noticed Ofeint the pandemonium lord
 72293 | D:11     | XOM: fake destruction
 72300 | D:11     | XOM: enchant monster (bad)
 72315 | D:11     | Killed Ofeint the pandemonium lord
 72336 | D:10     | XOM: summons 1 hostile demon
 72456 | D:6      | Noticed a seraph
 72460 | D:6      | Identified the +5 large shield of Entitlement {rElec}
 72462 | D:6      | XOM: enchant monster (bad)
 72464 | D:6      | XOM: polymorph seraph -> seraph
 72507 | D:3      | XOM: summons 3 hostile demons
 72574 | D:$      | Escaped with the Orb!

Levels and vault maps discovered:
D:1:      minmay_arrival_doors, layout_basic
D:2:      wad_lake_hut, layout_rooms, nicolae_ru_great_annihilating_truth,
          serial_undead, serial_undead_d, serial_undead_b, serial_undead_d,
          serial_undead_c, due_unseen_surprise
D:3:      layout_rooms, zin_angel, tgw_sif,
          chequers_ecumenical_altar_simple_redux, first_ration, uniq_natasha,
          uniq_grinder, uniq_ijyb
D:4:      layout_loops_ring, grunt_temple_overflow_opulence,
          overflow_temple_1_default, serial_shops, shop, shop_statue,
          kennysheep_mini_moat, enter_ossuary_2, minmay_manual_mares
D:5:      layout_loops_ring, gammafunk_ghost_arena, uniq_menkaure
D:6:      layout_loops_ring, minmay_temple_entry_drinking_statues, uniq_duvessa,
          uniq_prince_ribbit1, uniq_edmund
D:7:      layout_basic, chequers_serial_rivers_small_a
D:8:      minmay_gate_of_8, layout_basic, overflow_temple_1_default,
          elyvilon_altar_5
D:9:      minmay_angry_zag, layout_loops_ring, minitemple, orc_0_dummy,
          gammafunk_ghost_spectres, minmay_fire_ice_demons, uniq_erolcha,
          uniq_psyche, uniq_gastronok
D:10:     layout_loops_cross, david_lair_shrubbed, serial_shops, shop_statue,
          shop_statue, shop, shop, shop, hangedman_fish_farm,
          kennysheep_nondescript
D:11:     layout_stronghold, nrook_loot_triangle, kennysheep_another_room
D:12:     layout_roguey
D:13:     layout_rooms
D:14:     layout_irregular_city, skrybe_vaults_entry_preservation, serial_shops,
          nicolae_shop_waterfront, nicolae_shop_stone, shop, shop_fountains,
          shop, uniq_agnes
D:15:     grunt_enter_depths_magical_seal, layout_cave_pools, serial_shops,
          shop_fountains, portal_ice_cave_entry_imps,
          minmay_large_rounded_square, uniq_josephine, uniq_nessos, uniq_roxanne
Lair:1:   layout_cave_pods, gauntlet_entry_generic, gammafunk_ghost_grave
Lair:2:   layout_roguey, minmay_snake_entry_six_corridors,
          chequers_serial_rivers_micro_c, chequers_serial_rivers_room_b
Lair:3:   layout_regular_city, minmay_holes, beast_lair_carwin_9,
          infiniplex_staircase_pool
Lair:4:   lemuel_reptile_caves, layout_big_grid, swamp_mist_pool, minivault_19
Lair:5:   layout_concentric_octagons, st_stairs_12
Lair:6:   due_jungle_book, layout_regular_city, slime_altar_1, st_stairs_9,
          serial_bayou_pond_a, minmay_lair_oklob_chamber
Swamp:1:  layout_falls_marsh, serial_swamp_ruin, hangedman_swamp_ruin_wall,
          evilmike_swamp_ruin_house_4, evilmike_swamp_ruin_wall, swamp_pool2,
          uniq_kirke, uniq_nikola
Swamp:2:  nicolae_swamp_phyte_club, layout_falls_marsh, hangedman_swamp_diagram,
          swamp_pool1, uniq_frances
Swamp:3:  layout_basic_swamp, evilmike_swamp_ruin_house_5
Swamp:4:  swamp_basic_johnstein, layout_basic_swamp, ebering_ghost_xom
Snake:1:  layout_layer_cave, serial_shops, shop_statue, serial_bayou_shore_a
Snake:2:  layout_layer_cave
Snake:3:  layout_onion
Snake:4:  grunt_snake_rune_pools, layout_misc_corridors,
          gammafunk_ghost_wrathful_warriors, hangedman_snake_pattern,
          serial_bayou_pond_c
Slime:1:  layout_caves, nicolae_slime_phagocytosis
Slime:2:  layout_caves, dissolution_awaits
Slime:3:  layout_caves
Slime:4:  layout_caves
Slime:5
Orc:1:    layout_caves, uniq_maurice, uniq_urug, uniq_fannar
Orc:2:    st_orc_open, layout_caves, mines2_lemuel, uniq_jorgrun
Elf:1:    layout_loops_corners, serial_shops, bzr_entry_dummy,
          minmay_elf_necromancy, st_stairs_12, chequers_hall_statues_corner_a,
          due_unseen_surprise, uniq_azrael
Elf:2:    layout_loops_corners, hex_medium
Elf:3:    minmay_elf_hall_not_hex, layout_loops_corners, st_stairs_13
Vaults:1: v_misc_19, nicolae_vaults_windows_and_doors_thing,
          vaults_room_ringed_pool, st_greater_box_4, vaults_mumra_chevron,
          dpeg_vaults_monster_box, hangedman_vaults_nails,
          nicolae_vaults_sealed_display, nicolae_vaults_specimen_jars,
          vaults_dpeg_ring, layout_vaults_chaotic_city, serial_shops,
          shop_statue
Vaults:2: vaults_room_hallway, v_misc_17, hangedman_vaults_stretched_pinwheel,
          nicolae_vaults_little_squares_4, vaults_room_hallway,
          nicolae_vaults_big_ls, nicolae_vaults_statue_guard, v_rooms_4,
          v_misc_27, nicolae_vaults_yaktaur_gun_rack, vaults_room_corners,
          layout_vaults_omnicross, uniq_jory
Vaults:3: minmay_crypt_entry_nasty_monster, v_rooms_6,
          vaults_room_stairs_pillars, nicolae_vaults_angled_halls, st_lines,
          vaults_dpeg_hooks, hangedman_vaults_unwind,
          nicolae_vaults_network_square, nicolae_vaults_little_squares_3,
          v_alt_pattern_2, vaults_standard_mumra_x, v_misc_16,
          layout_vaults_maze_bifur, serial_shops, shop
Vaults:4: hangedman_vaults_cutoff, hangedman_vaults_impose,
          hangedman_vaults_impose, ontoclasm_vaults_decontamination,
          nicolae_vaults_theta, v_misc_1, vaults_mumra_hexcomb,
          nicolae_vaults_asterisk, layout_vaults_quadrants
Vaults:5
Depths:1: layout_forbidden_donut, abyss_entry, corexii_corridor_pit,
          mu_enter_wizlab_2, pf_hell_entry_tar_river, grunt_ministairs_3,
          kb_rosetta, roderic_lattice_octagonal_star
Depths:2: hangedman_spin_cycle, abyss_entry, hell_entry
Depths:3: minmay_inner_zag, layout_cave_pools, chequers_hall_statues_wall_a,
          hell_entry, gammafunk_ghost_crypt, rand_demon_pan_entry_4,
          kilobyte_rumbling_trees, minmay_staircase_windowed_large
Depths:4: minmay_two_paths, layout_gridlike, minmay_misc_feat_x, abyss_entry,
          grunt_metal_band, rand_demon_pan_entry_5, minmay_shop_star
Depths:5: evilmike_zot_entry_round, layout_honeycomb, enter_ziggurat_f,
          minmay_misc_feat_tiny, hell_entry
Zot:1:    hangedman_zot_vaults_quadrants, layout_concentric_octagons
Zot:2:    layout_onion_interference
Zot:3:    kennysheep_six_static_rooms, layout_concentric_octagons
Zot:4:    layout_cathedral_of_symmetry
Zot:5:    layout_twisted_circle, kennysheep_underground_church

Skill      XL: |  1  2  3  4  5  6  7  8  9 10 11 12 13 14 15 16 17 18 19 20 21 22 23 24 25 26 27 |
---------------+----------------------------------------------------------------------------------+-----
Fighting       | 4 5 6 7 9 10 11 12 14 15 17 19 20 22 24 25 26 27 | 27.0
Axes           | 5 6 7 9 10 15 16 19 20 | 20.8
Slings         | 3 4 6 10 12 13 14 | 14.9
Armour         | 3 4 6 10 12 13 14 16 17 18 19 20 | 20.2
Evocations     | 6 7 10 11 14 | 14.6
Dodging        | 3 6 10 12 13 14 15 16 | 16.0
Maces & Flails | 7 9 |  9.5
Shields        | 5 11 12 13 15 16 18 19 20 | 20.1
Stealth        | 1 2 3 6 8 |  8.5
Polearms       | 10 | 10.5
Throwing       | 3 13 | 13.8
Translocations | 2 10 | 10.2
Spellcasting   | 6 |  6.1

Action                   |  1- 3 |  4- 6 |  7- 9 | 10-12 | 13-15 | 16-18 | 19-21 | 22-24 | 25-27 || total
-------------------------+-------+-------+-------+-------+-------+-------+-------+-------+-------++-------
Melee: Hand axe          |    43 |    87 |   276 |    19 |       |       |       |       |       ||   425
       Headbutt          |     9 |    16 |    43 |    72 |   228 |   537 |   583 |   660 |   280 ||  2428
       Kick              |       |    15 |       |    95 |    62 |     8 |       |       |       ||   180
       Dire flail        |       |       |       |   225 |       |       |       |       |       ||   225
       War axe           |       |       |       |   166 |   615 |       |   973 |   549 |   212 ||  2515
       Demon trident     |       |       |       |       |   105 |  1940 |   723 |       |       ||  2768
       Broad axe         |       |       |       |       |       |       |       |  1075 |   546 ||  1621
       Bite              |       |       |       |       |       |       |       |    48 |   166 ||   214
 Fire: Hunting sling     |     9 |    53 |   102 |   688 |  1054 |    78 |   329 |       |       ||  2313
Throw: Stone             |     1 |     6 |     5 |     9 |       |       |       |       |       ||    21
       Javelin           |       |       |       |     4 |     4 |     3 |    15 |    17 |    24 ||    67
       Throwing net      |       |       |       |       |     1 |       |       |       |       ||     1
       Boomerang         |       |       |       |       |       |       |     6 |    46 |   157 ||   209
 Cast: Animate Skeleton  |       |       |       |       |       |       |     2 |    19 |     7 ||    28
       Apportation       |       |       |       |       |       |       |       |     2 |    14 ||    16
       Blink             |       |       |       |       |       |       |       |       |     2 ||     2
 Abil: Evoke Invisibilit |       |       |       |       |       |       |     4 |     6 |     2 ||    12
       Evoke Blink       |       |       |       |       |       |       |     1 |       |       ||     1
       Stop Flying       |       |       |       |       |       |       |       |     1 |       ||     1
       Evoke Flight      |       |       |       |       |       |       |       |     1 |       ||     1
Evoke: Wand              |       |     2 |    14 |     8 |    15 |     6 |     4 |       |     6 ||    55
       Lamp of fire      |       |       |       |       |     3 |     4 |     5 |     2 |     1 ||    15
       Fan of gales      |       |       |       |       |     2 |       |     1 |     1 |     1 ||     5
       Lightning rod     |       |       |       |       |       |    17 |    12 |     3 |     4 ||    36
       Phial of floods   |       |       |       |       |       |       |       |     2 |     2 ||     4
       Box of beasts     |       |       |       |       |       |       |       |     1 |     5 ||     6
       Phantom mirror    |       |       |       |       |       |       |       |       |     2 ||     2
  Use: Scroll            |       |    10 |    17 |    14 |    15 |     9 |    19 |    18 |    16 ||   118
       Potion            |       |     1 |     1 |     2 |     2 |     1 |     1 |     4 |    16 ||    28
 Stab: Invisible         |     2 |       |       |       |       |       |    12 |    25 |    60 ||    99
       Paralysed         |       |     1 |     2 |       |       |       |       |     3 |       ||     6
       Confused          |       |       |     1 |       |    10 |    27 |    20 |     2 |     3 ||    63
       Distracted        |       |       |     1 |     5 |     4 |     9 |    10 |     4 |    12 ||    45
       Petrified         |       |       |       |       |       |     4 |     3 |     1 |     1 ||     9
       Sleeping          |       |       |       |       |       |       |     1 |     2 |     1 ||     4
       Petrifying        |       |       |       |       |       |       |       |     4 |     2 ||     6
  Eat: Chunk             |       |     7 |    10 |    32 |    29 |    21 |    32 |    27 |     7 ||   165
       Ration            |       |       |     2 |       |     3 |     5 |     3 |     6 |     3 ||    22
Armor: Plate armour      |    21 |    50 |    96 |   292 |     5 |       |       |       |       ||   464
       Leather armour    |     3 |       |       |       |       |       |       |       |       ||     3
       Chain mail        |       |       |       |       |   188 |   328 |   178 |   224 |   145 ||  1063
       Skin              |       |       |       |       |       |     9 |       |       |       ||     9
Dodge: Dodged            |     9 |    19 |    81 |   285 |   252 |   557 |   469 |   459 |   327 ||  2458
Block: Shield            |       |       |       |   144 |       |       |       |       |       ||   144
       Large shield      |       |       |       |     9 |   884 |  1920 |  1628 |  1704 |   976 ||  7121

Table legend:
 A = Non-vault XP
 B = Vault XP
 C = Vault XP percentage of total XP
 D = Non-vault monster count
 E = Vault monster count
 F = Vault count percentage of total count
                 A         B        C        D         E       F
            +---------+---------+-------+---------+---------+-------
      Total |  665730 |  847605 |  56.0 |    1448 |     888 |  38.0
            +---------+---------+-------+---------+---------+-------
        D:1 |      28 |       0 |   0.0 |      16 |       0 |   0.0
        D:2 |     246 |      74 |  23.1 |      23 |       9 |  28.1
        D:3 |     151 |     392 |  72.2 |      12 |       4 |  25.0
        D:4 |     906 |     222 |  19.7 |      16 |       2 |  11.1
        D:5 |     725 |     900 |  55.4 |      21 |       7 |  25.0
        D:6 |    1163 |     477 |  29.1 |      26 |       4 |  13.3
        D:7 |    1135 |       0 |   0.0 |      24 |       0 |   0.0
        D:8 |    1254 |    4770 |  79.2 |      33 |       8 |  19.5
        D:9 |    1882 |    4955 |  72.5 |      18 |      16 |  47.1
       D:10 |    3262 |     659 |  16.8 |      43 |       2 |   4.4
       D:11 |    2414 |       0 |   0.0 |      22 |       0 |   0.0
       D:12 |    1597 |       0 |   0.0 |      23 |       0 |   0.0
       D:13 |    5895 |       0 |   0.0 |      33 |       0 |   0.0
       D:14 |    2571 |    6584 |  71.9 |      11 |      10 |  47.6
       D:15 |    5483 |    7419 |  57.5 |      22 |      27 |  55.1
     Lair:1 |    5531 |    1026 |  15.6 |      27 |       1 |   3.6
     Lair:2 |    3631 |    1556 |  30.0 |      23 |      14 |  37.8
     Lair:3 |    3384 |    1513 |  30.9 |      15 |       6 |  28.6
     Lair:4 |    6592 |    2720 |  29.2 |      29 |      32 |  52.5
     Lair:5 |    6788 |     425 |   5.9 |      20 |       2 |   9.1
     Lair:6 |   10106 |    4828 |  32.3 |      21 |       9 |  30.0
    Swamp:1 |   10059 |    4878 |  32.7 |      31 |       5 |  13.9
    Swamp:2 |   13331 |   11893 |  47.1 |      33 |       9 |  21.4
    Swamp:3 |   13562 |       0 |   0.0 |      31 |       0 |   0.0
    Swamp:4 |    9294 |   25482 |  73.3 |      22 |      29 |  56.9
    Snake:1 |   13560 |       0 |   0.0 |      25 |       0 |   0.0
    Snake:2 |   18077 |       0 |   0.0 |      45 |       0 |   0.0
    Snake:3 |   33731 |       0 |   0.0 |      65 |       0 |   0.0
    Snake:4 |   14709 |   38376 |  72.3 |      32 |      66 |  67.3
    Slime:1 |    9879 |    1067 |   9.7 |      27 |       4 |  12.9
    Slime:2 |   16178 |   11869 |  42.3 |      33 |       1 |   2.9
    Slime:3 |    8218 |       0 |   0.0 |      17 |       0 |   0.0
    Slime:4 |   21600 |    2429 |  10.1 |      30 |       1 |   3.2
    Slime:5 |   15749 |   26587 |  62.8 |      30 |       9 |  23.1
      Orc:1 |    7678 |    2178 |  22.1 |      55 |       5 |   8.3
      Orc:2 |     936 |   16209 |  94.5 |      18 |      36 |  66.7
      Elf:1 |    3357 |   10780 |  76.3 |       8 |      22 |  73.3
      Elf:2 |   14613 |   25680 |  63.7 |      25 |      31 |  55.4
      Elf:3 |   26370 |   36958 |  58.4 |      38 |      29 |  43.3
   Vaults:1 |   20593 |   40687 |  66.4 |      35 |      46 |  56.8
   Vaults:2 |   19848 |   14112 |  41.6 |      29 |      21 |  42.0
   Vaults:3 |   55826 |   21816 |  28.1 |      81 |      27 |  25.0
   Vaults:4 |   31841 |    7047 |  18.1 |      48 |      13 |  21.3
   Vaults:5 |   23421 |  129676 |  84.7 |      43 |      90 |  67.7
   Depths:1 |   20885 |    9395 |  31.0 |      27 |      16 |  37.2
   Depths:2 |       0 |   78173 | 100.0 |       0 |      77 | 100.0
   Depths:3 |   29065 |    8930 |  23.5 |      42 |      14 |  25.0
   Depths:4 |   36465 |   40600 |  52.7 |      30 |      20 |  40.0
   Depths:5 |   10154 |   29438 |  74.4 |      13 |      15 |  53.6
      Zot:1 |   51185 |   49460 |  49.1 |      27 |      26 |  49.1
      Zot:2 |    9320 |       0 |   0.0 |       5 |       0 |   0.0
      Zot:4 |    4788 |       0 |   0.0 |       1 |       0 |   0.0
      Zot:5 |   35888 |  140576 |  79.7 |      18 |      41 |  69.5
    Ossuary |       0 |     559 | 100.0 |       0 |      14 | 100.0
      IceCv |       0 |    6307 | 100.0 |       0 |      31 | 100.0
     WizLab |     806 |   17923 |  95.7 |       6 |      37 |  86.0
            +---------+---------+-------+---------+---------+-------
